 Dungeon Crawl Stone Soup version 0.31.0-4-g52a2dc7128 (webtiles) character file.

Game seed: 15018578563989288268

1575814 vt the Intangible (level 25, 147/147 (149) HPs)
             Began as a Spriggan Alchemist on Jan 19, 2024.
             Was an Initiate of Gozag.
             Escaped with the Orb
             ... and 3 runes on Jan 22, 2024!
             The game lasted 07:08:40 (76368 turns).

vt the Intangible (Spriggan Alchemist)             Turns: 76368, Time: 07:08:40

HP:   147/147 (149) AC: 22    Str:  4    XL:     25   Next: 88%
MP:   42/42         EV: 36    Int: 24    God:    Gozag
Gold: 4588          SH: 12    Dex: 23    Spells: 13/52 levels left

rFire   + + .        a - +9 hand cannon (flame)
rCold   + . .        l - +3 buckler {AC+3}
rNeg    + . .        N - +5 faerie dragon scales {Regen+ rCorr Int+3}
rPois   .            F - +2 hat of the Bear Spirit {Spirit, Bear, *Rage Will++}
rElec   +            O - scarf {rC+ rF+}
rCorr   +            (gloves unavailable)
SInv    +            (boots unavailable)
Will    +++++        T - amulet of Vitality {RegenMP++ Regen++}
Stlth   ++           d - +4 ring of protection {=R}
HPRegen 2.84/turn    f - ring "Xiynummau" {rElec rF+ rN+}
MPRegen 1.08/turn

%: random rage (20%), guardian spirit
@: studying Staves, lightly drained, bribing [the Dungeon], very quick
A: very small, no large weapons, unfitting armour, see invisible, speed 3,
passive freeze
0: Orb of Zot
}: 3/15 runes: barnacled, silver, gossamer
a: Renounce Religion, Potion Petition, Call Merchant, Bribe Branch


You escaped.
You worshipped Gozag.
Gozag was most pleased with you.
You visited 11 branches of the dungeon, and saw 51 of its levels.
You also visited: Trove, Bailey and Gauntlet.

You collected 28361 gold pieces.
You spent 11557 gold pieces at shops.
You paid 12216 gold pieces to Gozag.

Inventory:

Hand Weapons
 a - a +9 hand cannon of flaming (weapon)
   (You took it off a yaktaur captain on level 2 of the Vaults)
 b - the +7 sling "Vaenn" {elec, *Slow Fly Dex+2 Stlth+}
   (You bought it in a shop on level 9 of the Dungeon)

   Dex+2:     It affects your dexterity (+2).
   Fly:       It grants you flight.
   *Slow:     It may slow you when you take damage.
   Stlth+:    It makes you more stealthy.
 p - a +5 dagger of venom
   (You took it off a necromancer on level 3 of the Crypt)
Missiles
 Z - a throwing net {!d}
Armour
 l - a +3 buckler of protection (worn)
   (You found it on level 5 of the Vaults)
 F - the +2 hat of the Bear Spirit (worn) {Spirit, Bear, *Rage Will++}
   (You found it on level 1 of the Shoals)

   Bear:      Going berserk makes the wearer exceptionally tough, and they are
   slowed for a shorter time afterward.
   Will++:    It greatly increases your willpower.
   *Rage:     It berserks you when you make melee attacks (+20% chance).
 N - the +5 faerie dragon scales (worn) {Regen+ rCorr Int+3}
   (You took it off the Enchantress on level 1 of the Depths)

   Int+3:     It affects your intelligence (+3).
   Regen+:    It increases your rate of health regeneration.
   rCorr:     It protects you from acid and corrosion.
 O - a scarf of resistance (worn)
   (You found it on level 1 of the Vaults)
Jewellery
 d - a +4 ring of protection (left hand) {=R}
   (You found it in a treasure trove)
 e - the ring "Zuwob" {rElec rPois Will+ Str+2 Int-5}
   (You found it on level 3 of the Crypt)

   [ring of poison resistance]

   Str+2:     It affects your strength (+2).
   Int-5:     It affects your intelligence (-5).
   rElec:     It insulates you from electricity.
   rPois:     It protects you from poison Will+: It increases your willpower.
 f - the ring "Xiynummau" (right hand) {rElec rF+ rN+}
   (You found it on level 3 of the Crypt)

   [ring of positive energy]

   rF+:       It protects you from fire.
   rElec:     It insulates you from electricity.
   rN+:       It protects you from negative energy.
 h - a +4 ring of protection
   (You took it off a deep elf zephyrmancer on level 3 of the Elven Halls)
 i - the ring "Bink" {rC+ Will+}
   (You found it in a treasure trove)

   [ring of willpower]

   rC+:       It protects you from cold.
   Will+:     It increases your willpower.
 n - the ring of the Mage {Wiz Archmagi}
   (You found it in a treasure trove)

   [ring of wizardry]

   Wiz:       It improves your spell success rate.
   Archmagi:  It increases the power of your magical spells.
 o - the ring of Charity {+Blink Str+6 Int+4}
   (You found it on level 2 of the Depths)

   [ring of strength]

   Str+6:     It affects your strength (+6).
   Int+4:     It affects your intelligence (+4).
   +Blink:    It lets you blink.
 w - the ring "Baemew" {rN+ Will++}
   (You found it on level 3 of the Crypt)

   [ring of positive energy]

   rN+:       It protects you from negative energy.
   Will++:    It greatly increases your willpower.
 z - the ring "Emmagar" {rF+ Str+3}
   (You found it on level 3 of the Vaults)

   [ring of protection from fire]

   Str+3:     It affects your strength (+3).
   rF+:       It protects you from fire.
 T - the amulet of Vitality (around neck) {RegenMP++ Regen++}
   (You found it on level 3 of the Vaults)

   [amulet of magic regeneration]

   RegenMP:   It increases your rate of magic regeneration.
   Regen++:   It increases your rate of health regeneration.
Wands
 c - a wand of acid (47)
   (You found it on level 3 of the Lair of Beasts)
 u - a wand of roots (66)
   (You found it on level 5 of the Lair of Beasts)
 x - a wand of paralysis (60)
   (You found it on level 5 of the Dungeon)
 y - a wand of mindburst (59)
   (You found it on level 5 of the Dungeon)
 K - a wand of flame (82)
   (You found it on level 5 of the Dungeon)
 S - a wand of polymorph (27)
   (You took it off Amaemon on level 3 of the Lair of Beasts)
 Y - a wand of digging (30)
   (You found it on level 1 of the Shoals)
Scrolls
 q - 7 scrolls of fog
 t - 18 scrolls of teleportation {@r4}
 A - 14 scrolls of vulnerability {!r}
 B - 11 scrolls of immolation
 D - 6 scrolls of poison
 E - 5 scrolls of revelation
 H - 3 scrolls of torment
 I - 2 scrolls of fear
 L - a scroll of blinking {!r}
 P - 5 scrolls of summoning
 R - a scroll of silence {!r}
 U - a scroll of brand weapon
Potions
 j - 9 potions of enlightenment
 k - 5 potions of haste {@q3}
 m - 36 potions of curing {@q1}
 r - 20 potions of heal wounds {@q2}
 s - 3 potions of magic
 C - a potion of lignification
 G - 6 potions of invisibility
 J - 8 potions of cancellation
 M - 3 potions of resistance
 Q - 10 potions of ambrosia
 W - 10 potions of brilliance
 X - 7 potions of mutation
Miscellaneous
 v - a box of beasts
   (You found it on level 5 of the Lair of Beasts)
 V - a condenser vane
   (You found it on level 3 of the Lair of Beasts)


   Skills:
 + Level 21.2 Fighting
 - Level 22.0 Ranged Weapons
 - Level 7.3 Armour
 O Level 27 Dodging
 - Level 14.0 Stealth
 - Level 13.3 Shields
 - Level 14.0 Spellcasting
 - Level 3.0 Conjurations
 - Level 12.0 Hexes
 - Level 9.0 Summonings
 - Level 9.0 Translocations
 - Level 6.0 Air Magic
 - Level 5.0 Earth Magic
 - Level 10.0 Alchemy
 - Level 15.0 Evocations


You had 13 spell levels left.
You knew the following spells:

 Your Spells              Type           Power      Damage    Failure   Level
b - Alistair's Intoxicat  Alch           39%        N/A       4%          5
e - Ensorcelled Hibernat  Hex/Ice        90%        N/A       1%          2
f - Summon Forest         Summ/Tloc      28%        N/A       8%          5
h - Olgreb's Toxic Radia  Alch           59%        N/A       1%          4
j - Mephitic Cloud        Conj/Alch/Air  47%        N/A       2%          3
l - Summon Lightning Spi  Summ/Air       51%        N/A       4%          4
m - Summon Mana Viper     Hex/Summ       61%        N/A       4%          5
p - Passwall              Erth           40%        N/A       4%          3
v - Mercury Vapours       Alch/Air       100%       N/A       1%          2
B - Blink                 Tloc           100%       N/A       1%          2
F - Cause Fear            Hex            32%        N/A       1%          4

Your spell library contained the following spells:

 Spells                   Type           Power      Damage    Failure   Level
 Sandblast                Erth           80%        2d17      1%          1
 Slow                     Hex            100%       N/A       1%          1
 Sting                    Conj/Alch      100%       1d9       1%          1
 Summon Small Mammal      Summ           100%       N/A       1%          1
 Call Imp                 Summ           100%       N/A       1%          2
 Cigotuvi's Dreadful Rot  Necr/Alch/Air  84%        N/A       1%          2
 Jinxbite                 Hex            100%       N/A       1%          2
 Lesser Beckoning         Tloc           100%       N/A       1%          2
 Momentum Strike          Conj/Tloc      90%        3d10      1%          2
 Call Canine Familiar     Summ           56%        N/A       1%          3
 Confusing Touch          Hex            65%        N/A       1%          3
 Dazzling Flash           Conj/Hex       100%       N/A       1%          3
 Gell's Gravitas          Tloc           56%        N/A       1%          3
 Sigil of Binding         Hex            65%        N/A       1%          3
 Teleport Other           Tloc           56%        N/A       1%          3
 Inner Flame              Hex/Fire       45%        N/A       2%          3
 Swiftness                Air            45%        N/A       2%          3
 Manifold Assault         Tloc           56%        N/A       2%          4
 Magic Dart               Conj           100%       1d8       3%          1
 Yara's Violent Unravell  Hex/Alch       31%        3d13      3%          5
 Searing Ray              Conj           62%        2d6       4%          2
 Summon Ice Beast         Ice/Summ       38%        N/A       4%          3
 Volatile Blastmotes      Fire/Tloc      76%        2d16      4%          3
 Leda's Liquefaction      Alch/Erth      25%        N/A       4%          4
 Petrify                  Alch/Erth      51%        N/A       4%          4
 Vhi's Electric Charge    Tloc/Air       100%       N/A       4%          4
 Foxfire                  Conj/Fire      96%        2x1d8     6%          1
 Kiss of Death            Conj/Necr      96%        2d12      6%          1
 Stone Arrow              Conj/Erth      72%        3d11      6%          3
 Animate Armour           Summ/Erth      100%       N/A       6%          4
 Fulminant Prism          Conj/Alch      24%        3d12      8%          4
 Anguish                  Hex/Necr       22%        N/A       9%          4
 Iskenderun's Mystic Bla  Conj/Tloc      45%        2d10      9%          4
 Sticky Flame             Fire/Alch      40%        2d8       14%         4
 Scorch                   Fire           32%        2d6       16%         2
 Sublimation of Blood     Necr           16%        N/A       16%         2
 Hailstorm                Conj/Ice       24%        3d7       17%         3
 Martyr's Knell           Necr/Summ      38%        N/A       17%         4
 Summon Blazeheart Golem  Fire/Summ      38%        N/A       17%         4
 Brom's Barrelling Bould  Conj/Erth      36%        2d6       21%         4
 Irradiate                Conj/Alch      24%        3d19      21%         5
 Metabolic Englaciation   Hex/Ice        22%        N/A       26%         5
 Eringya's Noxious Bog    Alch           29%        4d6       26%         6
 Frozen Ramparts          Ice            32%        1d5       32%         3
 Fugue of the Fallen      Necr           16%        N/A       32%         3
 Vampiric Draining        Necr           16%        2d7       32%         3
 Lee's Rapid Deconstruct  Erth           20%        3d12*     36%         5
 Dispersal                Tloc           28%        N/A       38%         6
 Summon Cactus Giant      Summ           28%        N/A       38%         6
 Arcjolt                  Conj/Air       19%        1d29      43%         5
 Flame Wave               Conj/Fire      24%        2d8       50%         4
 Enfeeble                 Hex            32%        N/A       54%         7
 Iskenderun's Battlesphe  Conj           31%        2d8       65%         5
 Dispel Undead            Necr           16%        3d10      71%         4
 Borgnjor's Vile Clutch   Necr/Erth      14%        N/A       71%         5
 Fireball                 Conj/Fire      12%        3d7       85%         5
 Sculpt Simulacrum        Ice/Alch       20%        N/A       91%         6
 Summon Hydra             Summ           28%        N/A       92%         7
 Conjure Ball Lightning   Conj/Air       19%        3x3d6     95%         6
 Bombard                  Conj/Erth      18%        9d4       97%         6
 Plasma Beam              Fire/Air       15%        2x1d27    99%         6
 Death Channel            Necr           8%         N/A       100%        6
 Starburst                Conj/Fire      12%        6d5       100%        6
 Haunt                    Necr/Summ      19%        N/A       100%        7
 Orb of Destruction       Conj           15%        9d7       100%        7
 Borgnjor's Revivificati  Necr           8%         N/A       100%        8
 Disjunction              Tloc           28%        N/A       100%        8
 Infestation              Necr           8%         N/A       100%        8
 Maxwell's Capacitive Co  Air            22%        ∞         100%        8
 Chain Lightning          Conj/Air       19%        3d25      100%        9
 Death's Door             Necr           8%         N/A       100%        9
 Fire Storm               Conj/Fire      12%        8d3       100%        9
 Shatter                  Erth           20%        3d18*     100%        9
 Animate Dead             Necr           Unusable   N/A       N/A         4

Dungeon Overview and Level Annotations

Branches:
Dungeon (15/15)            Temple (1/1) D:5            Lair (5/5) D:10
 Shoals (4/4) Lair:2       Spider (4/4) Lair:2        Slime (0/5) Lair:5
    Orc (2/2) D:9             Elf (3/3) Orc:2        Vaults (5/5) D:13
  Crypt (3/3) Vaults:3       Tomb (0/3) Crypt:3      Depths (4/4) D:15
    Zot (5/5) Depths:4     Bailey (visited)         Gauntlet (visited)

Altars:
Ashenzari
Cheibriados
Dithmenos
Elyvilon
Fedhas
Gozag
Hepliaklqana
Kikubaaqudgha
Makhleb
Nemelex Xobeh
Okawaru
Qazlal
Ru
Sif Muna
Trog
Uskayaw
Vehumet
Wu Jian
Xom
Yredelemnul
Zin
The Shining One
Lugonu

Shops:
D:9 [(   D:10 ?   D:11 [   Orc:2 *?*?   Elf:1 [*=*   Elf:2 *   Shoals:2 :
Vaults:1 !   Vaults:2 =   Vaults:5 !   Depths:1 *=

Portals:
Hell: Depths:1 Depths:2 Depths:3 Depths:4
Abyss: Lair:5 Depths:1 Depths:2 Depths:3 Depths:4
Pandemonium: Depths:2 Depths:3
Ziggurat: Depths:3

Annotations:
D:4 phantom
D:6 exclusion: orc, Jeremiah
D:8 Psyche
Shoals:1 thechecker02's ghost, adept GnFi
Elf:2 5 runed translucent doors, exclusion: 5 doors
Elf:3 exclusion: 7 doors, Boris
Vaults:1 Synox's ghost, legendary FoFi
Vaults:3 Mennas
Depths:3 2 exclusions
Zot:3 1 exclusion


Innate Abilities, Weirdness & Mutations

You are very small and have problems with some larger weapons.
You are too small for most types of armour.
You have supernaturally acute eyesight. (SInv)
You cover ground extremely quickly. (Speed+++)
A frigid envelope surrounds you and freezes all who hurt you.


Message History

a +0 cloak; a +1 rapier of venom You see here 3 stones.
You see here a +1 heavy hand axe.
You see here a +0 trident.
Things that are here:
a +2 cloak; a +0 rapier
Things that are here:
a +0 mace; a +0 halberd; a +0 glaive You climb upwards.
Level annotation: 2 exclusions What level of the Depths? (default 4, ? - help)
You see here a large rock {!d}.
There is a huge broken gate, spattered with blood here.
You see here 10 stones.
You climb upwards.
Items here: ))) [[[.
You climb upwards.
There is a staircase back to the Dungeon, spattered with blood here.
You climb upwards.
Welcome back to the Dungeon!
There is a staircase to the Depths, spattered with blood here.
Gozag spreads your bribe to the Dungeon!
What level of the Depths? (default 1, ? - help)
Okay, then.
What level of the Dungeon? (default 15, ? - help)
You climb upwards.
The Tzitzimitl stares, then turns away, jangling a coin purse.
A Tzitzimitl comes into view.
Unknown command.
Press: ? - help, v - describe, . - travel
Here: a Tzitzimitl (wandering, peaceful)
The floor.
You climb upwards.
What level of the Dungeon? (default 1, ? - help)
You climb upwards.
An ice devil comes into view.
Unknown command.
Unknown command.
Unknown command.
Casting: Cause Fear (mildly dangerous; 1% risk of failure)
Confirm with . or Enter, or press ? or * to list all spells.
Aiming: Mercury Vapours (safe; 1% risk of failure)
Press: ? - help, Dir - move target
There is a wall there.
Okay, then.
Casting: Mercury Vapours (safe; 1% risk of failure)
Confirm with . or Enter, or press ? or * to list all spells.
Aiming: Passwall (mildly dangerous; 4% risk of failure)
Press: ? - help, Dir - move target A rock wall.
This square is covered in magical glow.
You begin to meditate on the wall.
You continue meditating on the rock. x2
Magic restored.
You finish merging with the rock.
Casting: Passwall (mildly dangerous; 4% risk of failure)
Confirm with . or Enter, or press ? or * to list all spells.
Aiming: Passwall (mildly dangerous; 4% risk of failure)
Press: ? - help, Dir - move target A rock wall.
This square is covered in magical glow.
You begin to meditate on the wall.
You continue meditating on the rock. x2
You finish merging with the rock.
There is an escape hatch in the ceiling here.
A mysterious force pulls you upwards. The hatch slams shut behind you.
What level of the Dungeon? (default 1, ? - help)
You climb upwards.
There is an escape hatch in the ceiling here.
A mysterious force pulls you upwards. The hatch slams shut behind you.
You climb upwards.
Level annotation: Psyche What level of the Dungeon? (default 9, ? - help)
The Orb Guardian stares, then turns away, jangling a coin purse.
An Orb Guardian comes into view.
Unknown command.
Things that are here:
a +0 ring mail; a +0 club
Items here: )) [[.
You climb upwards.
You climb upwards.
Level annotation: exclusion: orc, Jeremiah You climb upwards.
You climb upwards.
Level annotation: phantom You climb upwards.
Your sun demon grins greedily, jangling a coin purse.
The sun demon stares, then turns away, jangling a coin purse. x2 3 sun demons come into view.
Unknown command.
Unknown command.
Your sun demon moves out of view.
You climb upwards.
What level of the Dungeon? (default 1, ? - help)
Okay, then.
Safe move off Safe move on What level of the Dungeon? (default 1, ? - help)
You see here a hound skeleton.
You climb upwards.
You see here a +0 leather armour.
There is a staircase leading out of the dungeon here.
You have escaped!

░........'.........░
░░░░░░░..░░░░░.░░░░░░░░░.░
.....░.........'.......░.░
░░░░.░.░░░░░░░░░░░░░░░.░.░
░.....░......'.....░.░.░
░..░░.░.░░░░░░░░░░.░.░.░
░.....░.░....'...░.░.░.░
░...░.░.░.░░░░░░.░.░.░.░
░░░.....░.░.░..'@░.░.░.░.░
.....>..░.░.░..░░░'░'░'░'░
░░░░....░'░'░'░░░░.░.░.░.░
░....░.░.░.░>'..░.░.░.░
░....░.░.░.░░░░░░.░.░.░
░....░.░.░...'....░.░.░
░....░.░.░░░░░░░░░░.░.░
░..░░░.░.....'......░.░
░....░.░░░░░░░░░░░░░░.░


There were no monsters in sight!

Vanquished Creatures
  3 dread liches
  2 ancient liches
  A juggernaut (Depths:4)
  3 orbs of fire
  Bai Suzhen (Elf:3)
  A curse toe (Depths:4)
  2 caustic shrikes (Depths:2)
  10 golden dragons
  2 doom hounds
  Norris (Elf:2)
  6 tentacled monstrosities
  Jorgrun (D:15)
  6 Orb Guardians (Zot:5)
  8 liches
  A walking earthen tome (Depths:2)
  2 quicksilver dragons
  2 titans (Depths:2)
  A walking frostbound tome (Depths:2)
  5 sphinxes
  A walking divine tome (Depths:2)
  Grunn (Zot:1)
  A deep elf blademaster (Elf:3)
  A deep elf master archer (Elf:3)
  Polyphemus (Shoals:2)
  6 death cobs
  A kraken (Shoals:2)
  6 draconian monks
  7 ancient champions
  A revenant (Vaults:3)
  12 storm dragons
  5 shadow dragons
  11 tengu reavers
  4 protean progenitors
  A draconian knight (Depths:4)
  4 draconian shifters
  The ghost of Cumifues the Severer, a journeyman MiMo of Qazlal (Spider:4)
  16 vault wardens
  8 deep elf sorcerers
  8 emperor scorpions
  10 fire giants
  4 draconian scorchers
  4 iron dragons
  3 curse skulls
  8 frost giants
  9 ghost moths
  A juggernaut zombie (Crypt:3)
  3 deep elf elementalists (Elf:3)
  5 draconian stormcallers
  14 ghouls
  3 orc warlords
  14 ironbound preservers
  2 broodmothers (Spider:3)
  3 ironbound thunderhulks
  20 stone giants
  2 draconian annihilators (Depths:4)
  A juggernaut skeleton (Crypt:3)
  5 spriggan defenders
  2 grey draconians (Depths:4)
  33 very ugly things
  4 deep elf demonologists
  7 deep elf death magi
  A war gargoyle (Vaults:5)
  10 vampire knights
  13 black draconians
  A minotaur (Shoals:4)
  4 deep elf annihilators (Elf:3)
  7 green draconians
  9 dire elephants
  4 purple draconians
  11 white draconians
  2 spark wasps
  2 lorocyprocas
  6 yellow draconians
  4 red draconians
  7 eidola
  A merfolk impaler (Shoals:4)
  Snorg (D:12)
  2 crystal guardians (Vaults:3)
  7 ettins
  A green death (Depths:3)
  A blizzard demon (Depths:2)
  A merfolk javelineer (Shoals:3)
  7 jiangshi
  10 fire dragons
  5 entropy weavers
  7 great orbs of eyes
  4 deep elf high priests
  7 hydras
  15 yaktaur captains
  A spriggan zombie (Depths:3)
  Fannar (D:12)
  7 rakshasas
  10 ice dragons
  The ghost of gelatine the Arsonist, a journeyman DsFE of Vehumet (Lair:2)
  3 spriggan air magi
  27 vault guards
  Erolcha (Orc:2)
  A radroach (Spider:1)
  A peacekeeper (Vaults:2)
  10 ironbound frosthearts
  6 death knights (Crypt:1)
  5 ogre magi
  A catoblepas (Lair:2)
  2 jorogumos
  The ghost of BigPumpCobain the Basher, a novice MiBe of Trog (D:10)
  14 two-headed ogres
  10 boulder beetles
  11 death yaks
  A hell beast (Depths:1)
  A sphinx skeleton (Depths:3)
  A merfolk aquamancer (Shoals:3)
  12 satyrs (Shoals:4)
  12 dancing weapons
  4 deep troll shamans
  22 centaur warriors
  7 tengu warriors
  3 vampire magi
  9 deep troll earth magi
  An orc high priest (Orc:2)
  The ghost of bakla the Nimble, a journeyman FeAl of Wu Jian (D:9)
  7 demonic crawlers
  3 thrashing horrors (Lair:5)
  A hell hog (Depths:1)
  8 spriggan berserkers
  A shock serpent (shapeshifter) (Vaults:5)
  4 occultists
  A sun demon (Depths:3)
  5 hell knights
  6 spriggans
  3 soul eaters
  3 skysharks
  9 deep elf knights
  A sixfirhy (Depths:3)
  5 iron trolls
  A salamander mystic (Depths:2)
  4 pharaoh ants
  10 skeletal warriors
  Amaemon (Lair:3)
  2 shadow wraiths
  An orb spider (shapeshifter) (Vaults:5)
  10 deep elf archers
  2 sea snakes
  A spark wasp zombie (Crypt:1)
  35 deep trolls
  2 glowing orange brains
  An anaconda zombie (Crypt:3)
  6 bog bodies
  9 arcanists
  10 orb spiders
  3 swamp dragons (Depths:4)
  Pikel (D:5)
  23 ironbound convokers
  5 steelbarb worms
  2 sun moths (Spider:4)
  39 deep elf pyromancers
  A spriggan simulacrum (Crypt:3)
  3 flayed ghosts
  29 harpies
  11 necromancers
  10 lindwurms
  A spectral hydra (Lair:2)
  An orange crystal statue (Elf:2)
  6 phantasmal warriors
  A golden dragon skeleton (Crypt:3)
  5 oklob plants (Lair:4)
  25 deep elf zephyrmancers
  10 orc knights
  7 orc sorcerers
  11 fauns
  41 ugly things
  17 wolf spiders
  A shining eye (shapeshifter) (Vaults:5)
  7 cyclopes
  11 manticores
  3 large abominations (Lair:5)
  Maurice (D:12)
  A frost giant zombie (Depths:3)
  5 merfolk sirens
  3 salamanders (Depths:2)
  10 elephants
  23 moths of wrath
  2 black mambas (Lair:5)
  19 vault sentinels
  2 smoke demons (Lair:5)
  3 water nymphs (shapeshifter)
  5 water nymphs
  4 gargoyles
  10 cane toads
  A catoblepas zombie (Crypt:1)
  2 torpor snails
  A storm dragon simulacrum (Depths:3)
  An orange demon (Lair:3)
  Maggie (Lair:2)
  A sea snake zombie (Crypt:2)
  6 freezing wraiths
  A yaktaur (shapeshifter) (Vaults:5)
  2 rime drakes (Lair:5)
  A rime drake (shapeshifter) (D:14)
  37 yaktaurs
  A torpor snail (shapeshifter) (Depths:2)
  3 tengu conjurers
  An unseen horror (D:12)
  9 komodo dragons
  A death yak skeleton (Crypt:1)
  An iron troll zombie (Crypt:2)
  An alligator snapping turtle skeleton (Crypt:3)
  A guardian mummy (D:14)
  A golden dragon simulacrum (Depths:3)
  5 trolls
  14 merfolk
  20 blink frogs
  A polar bear (Lair:4)
  A raiju (Lair:5)
  27 tarantellas
  A hornet (shapeshifter) (D:13)
  7 wind drakes
  An ettin zombie (Crypt:1)
  13 hornets
  A tarantella (shapeshifter) (Lair:5)
  4 snapping turtles
  4 glass eyes
  An iron dragon simulacrum (Crypt:3)
  A radroach zombie (Crypt:1)
  18 jumping spiders
  33 slime creatures
  5 dream sheep
  7 air elementals
  A shadow (D:11)
  12 culicivoras
  5 wraiths
  8 wyverns
  2 vampires (D:10)
  2 ynoxinuls (Lair:5)
  A spriggan (shapeshifter) (Lair:5)
  18 humans
  38 yaks
  11 water elementals
  A death yak simulacrum (Lair:2)
  A wind drake skeleton (Crypt:2)
  7 wargs
  2 black mamba skeletons (Crypt:3)
  3 steam dragons
  12 basilisks
  37 redbacks
  6 vampire mosquitoes
  A chaos spawn (Lair:5)
  A deep troll zombie (Crypt:3)
  2 swamp worms (shapeshifter)
  A harpy simulacrum (Crypt:3)
  2 acid dragons
  19 water moccasins
  A glowing shapeshifter skeleton (Depths:3)
  A nameless horror (Vaults:2)
  36 laughing skulls
  A sky beast (D:5)
  2 ice beasts (D:7)
  27 orc warriors
  14 ogres
  6 centaurs
  A black mamba simulacrum (Lair:2)
  2 elephant skeletons
  A swamp dragon zombie (Crypt:1)
  A dream sheep skeleton (Crypt:2)
  A blink frog skeleton (Crypt:2)
  5 kobold brigands
  Blork the orc (D:5)
  7 necrophages
  7 scorpions
  9 bullfrogs
  A gnoll sergeant (D:13)
  A cane toad simulacrum (Lair:2)
  8 small abominations (Lair:5)
  A yak zombie (Crypt:2)
  4 wights (D:8)
  A polar bear zombie (Crypt:3)
  A lindwurm simulacrum (Lair:2)
  7 howler monkeys
  A bombardier beetle (D:4)
  3 electric eels
  A jelly (D:5)
  6 hounds
  2 gnoll boudas (D:7)
  12 orc priests
  4 sleepcaps
  A black bear skeleton (Crypt:1)
  4 iguanas
  22 orc wizards
  4 wolf simulacra (D:9)
  A yak simulacrum (D:9)
  2 polar bear simulacra (D:9)
  A deep dwarf zombie (Crypt:1)
  A tengu zombie (Crypt:2)
  11 adders
  19 gnolls
  A river rat (D:9)
  A swamp drake skeleton (Crypt:3)
  A shadow imp (D:5)
  A white imp (D:5)
  An iguana skeleton (Crypt:3)
  3 ribbon worms
  3 dart slugs
  82 orcs
  2 endoplasms
  3 giant cockroaches
  14 goblins
  8 hobgoblins
  4 jackals
  2 quokkas
  A ball python (D:2)
  6 bats
  A frilled lizard (D:1)
  37 kobolds
  An orc zombie (Crypt:3)
  3 rats
  4 river rat simulacra (D:9)
  A river rat zombie (Crypt:1)
  An aspiring flesh (Depths:4)
  A butterfly (Lair:1)
  A spectral weapon (Zot:2)
2017 creatures vanquished.

Vanquished Creatures (collateral kills)
  A dread lich (Zot:5)
  An orb of fire (Zot:5)
  An ancient lich (Zot:5)
  2 Killer Klowns
  the Enchantress (Depths:1)
  An electric golem (Zot:5)
  A tentacled monstrosity (Vaults:5)
  12 Orb Guardians (Zot:5)
  A deep elf master archer (Elf:3)
  A titan (Vaults:5)
  A lich (Crypt:2)
  A tengu reaver (Vaults:5)
  3 storm dragons
  2 ghost moths (Zot:5)
  A draconian scorcher (Zot:5)
  A deep elf sorcerer (Elf:3)
  A frost giant (Vaults:5)
  A deep elf elementalist (Elf:3)
  A very ugly thing (Vaults:5)
  A draconian stormcaller (Zot:5)
  A spriggan defender (Depths:2)
  A quicksilver ooze (Vaults:3)
  An ironbound preserver (Vaults:5)
  A curse skull (Crypt:3)
  2 red draconians
  A minotaur (Shoals:4)
  2 dire elephants (Vaults:1)
  2 yaktaur captains
  An entropy weaver (Vaults:4)
  A great orb of eyes (Vaults:2)
  A merfolk impaler (Shoals:2)
  7 vault guards
  3 ogre magi (Vaults:5)
  An ironbound frostheart (Vaults:1)
  4 two-headed ogres (Vaults:5)
  A catoblepas (Shoals:2)
  A deep troll earth mage (Depths:2)
  A satyr (Shoals:4)
  2 skeletal warriors
  2 deep trolls (Vaults:1)
  An arcanist (Vaults:2)
  A phantasmal warrior (Crypt:1)
  An ironbound convoker (Vaults:5)
  A broodmother zombie (Crypt:3)
  An orc knight (Vaults:3)
  A faun (Shoals:4)
  A deep elf zephyrmancer (Elf:3)
  3 moths of wrath (Zot:5)
  2 vault sentinels
  A freezing wraith (Vaults:5)
  2 wind drakes
  2 merfolk (Shoals:3)
  A dream sheep (Shoals:3)
  A laughing skull (Crypt:1)
  An ogre (Vaults:5)
  A tentacle (Shoals:2)
92 creatures vanquished.

Vanquished Creatures (others)
  2 golden dragons (Vaults:5)
  A tentacled monstrosity (Vaults:5)
  4 Orb Guardians (Zot:5)
  A titan (Vaults:5)
  A sphinx (Vaults:5)
  A storm dragon (Zot:5)
  2 tengu reavers (Vaults:5)
  2 shadow dragons (Vaults:5)
  A fire giant (Vaults:5)
  A frost giant (Vaults:5)
  4 vault wardens (Vaults:5)
  A ghost moth (Zot:5)
  A stone giant (Vaults:5)
  2 deep elf demonologists (Vaults:5)
  A purple draconian (Zot:5)
  A deep elf death mage (Elf:3)
  A war gargoyle (Vaults:5)
  A white draconian (Zot:5)
  A black draconian (Zot:5)
  A spriggan zombie (Depths:3)
  A fire dragon (Depths:2)
  A yaktaur captain (Vaults:5)
  9 vault guards (Vaults:5)
  A vampire mage (Crypt:2)
  A deep elf knight (Elf:2)
  A spectral hydra (Lair:2)
  2 ironbound convokers (Vaults:5)
  2 phantasmal warriors (Vaults:5)
  2 deep elf zephyrmancers
  2 vault sentinels (Vaults:5)
  A tarantella (Spider:1)
  A spriggan (Depths:3)
  A quokka (D:15)
  A snaplasher vine (Zot:2)
  25 tentacles (Shoals:2)
81 creatures vanquished.

Grand Total: 2190 creatures vanquished

Notes
Turn   | Place    | Note
-------+----------+-------------------------------------------
     0 | D:1      | vt the Spriggan Alchemist began the quest for the Orb.
     0 | D:1      | Reached XP level 1. HP: 9/9 MP: 5/5
   239 | D:1      | Reached skill level 1 in Conjurations
   477 | D:1      | Reached XP level 2. HP: 13/13 MP: 2/6
  1103 | D:2      | Learned a level 2 spell: Mercury Vapours
  1877 | D:1      | Reached XP level 3. HP: 12/16 MP: 1/8
  2116 | D:2      | Reached skill level 1 in Air Magic
  2283 | D:2      | Reached skill level 4 in Stealth
  2283 | D:2      | Reached skill level 2 in Conjurations
  2367 | D:2      | Reached XP level 4. HP: 21/21 MP: 7/9
  2912 | D:2      | Reached skill level 5 in Stealth
  2912 | D:2      | Reached skill level 2 in Air Magic
  2916 | D:2      | Learned a level 3 spell: Mephitic Cloud
  3084 | D:3      | Found a hide-covered altar of Uskayaw.
  3830 | D:3      | okay
  3867 | D:2      | Reached skill level 4 in Alchemy
  3867 | D:2      | Reached skill level 3 in Dodging
  3867 | D:2      | Reached XP level 5. HP: 24/24 MP: 3/10
  3951 | D:4      | Noticed a phantom
  4340 | D:4      | Reached skill level 4 in Dodging
  4340 | D:4      | Reached skill level 3 in Spellcasting
  4423 | D:4      | Reached XP level 6. HP: 26/28 MP: 7/11
  4655 | D:4      | Reached skill level 5 in Alchemy
  4743 | D:4      | Reached skill level 1 in Fighting
  4775 | D:5      | Entered Level 5 of the Dungeon
  4949 | D:5      | Reached skill level 5 in Dodging
  5194 | D:5      | Reached skill level 3 in Air Magic
  5194 | D:5      | Reached XP level 7. HP: 33/33 MP: 4/12
  5391 | D:5      | Noticed Pikel
  5417 | D:5      | Killed Pikel
  5418 | D:5      | Reached skill level 4 in Spellcasting
  5418 | D:5      | Reached skill level 2 in Fighting
  5418 | D:5      | Reached skill level 5 in Spellcasting
  5418 | D:5      | Reached skill level 6 in Alchemy
  5418 | D:5      | Reached XP level 8. HP: 39/39 MP: 6/16
  5769 | D:5      | Found a staircase to the Ecumenical Temple.
  6051 | Temple   | Entered the Ecumenical Temple
  6064 | Temple   | Became a worshipper of Gozag Ym Sagoz the Greedy
  6109 | D:5      | Reached skill level 3 in Conjurations
  6109 | D:5      | Reached skill level 4 in Air Magic
  6121 | D:5      | Reached skill level 1 in Evocations
  6175 | D:5      | Reached skill level 2 in Evocations
  6274 | D:6      | Noticed Blork the orc
  6308 | D:5      | Killed Blork the orc
  6445 | D:6      | Noticed Jeremiah
  6480 | D:6      | Reached skill level 7 in Alchemy
  7025 | D:5      | Reached skill level 3 in Fighting
  7174 | D:6      | Reached skill level 4 in Fighting
  7628 | D:6      | Reached skill level 6 in Dodging
  7798 | D:7      | Found a flagged portal.
  7839 | D:7      | Reached XP level 9. HP: 45/45 MP: 14/17
  7850 | Bailey   | Entered a bailey
  7860 | Bailey   | ugh
  7866 | Bailey   | Noticed an orc warlord
  7866 | Bailey   | Found the +1 robe of Vines {NoPotionHeal Regen++++}
  7974 | Bailey   | Reached skill level 7 in Dodging
  8080 | Bailey   | Found a runed translucent gate.
  8082 | Bailey   | Found a runed translucent gate.
  8083 | Bailey   | Found a runed translucent gate.
  8123 | Bailey   | Reached skill level 8 in Dodging
  8420 | Bailey   | Killed an orc warlord
  8421 | Bailey   | Reached skill level 5 in Evocations
  8421 | Bailey   | Reached skill level 9 in Dodging
  8426 | Bailey   | Learned a level 4 spell: Olgreb's Toxic Radiance
  8429 | Bailey   | Learned a level 2 spell: Blink
  8595 | D:7      | Acquired 432 gold pieces
  8823 | D:7      | Reached skill level 1 in Translocations
  9020 | D:7      | Reached skill level 5 in Fighting
  9020 | D:7      | Reached skill level 2 in Translocations
  9050 | D:7      | Found a bloodstained altar of Trog.
  9053 | D:7      | Found a sparkling altar of Nemelex Xobeh.
  9053 | D:7      | Found an ancient bone altar of Kikubaaqudgha.
  9061 | D:7      | Found an ornate altar of the Wu Jian Council.
  9064 | D:7      | Found a stormy altar of Qazlal.
  9248 | D:8      | Noticed Psyche
  9455 | D:7      | Reached skill level 3 in Translocations
  9603 | D:8      | Reached skill level 10 in Dodging
  9729 | D:8      | Reached skill level 6 in Stealth
  9729 | D:8      | Reached XP level 10. HP: 48/51 MP: 17/18
  9916 | D:8      | Reached skill level 7 in Stealth
 10135 | D:8      | Found a snail-covered altar of Cheibriados.
 10136 | D:8      | Paralysed by Psyche for 5 turns
 10341 | D:8      | Reached skill level 8 in Stealth
 11085 | D:9      | Reached skill level 1 in Ranged Weapons
 11133 | D:9      | Reached skill level 2 in Ranged Weapons
 11133 | D:9      | Reached skill level 6 in Evocations
 11235 | D:9      | Noticed a deep elf pyromancer
 11398 | D:9      | Reached skill level 3 in Ranged Weapons
 11594 | D:9      | Reached skill level 4 in Ranged Weapons
 11891 | D:9      | Reached skill level 5 in Ranged Weapons
 11928 | D:9      | Found Dakaom's Weapon Shoppe.
 11928 | D:9      | Found a staircase to the Orcish Mines.
 11928 | D:9      | Found Xesass's Armour Shoppe.
 11942 | D:9      | Bought a +2 cloak of preservation for 279 gold pieces
 11951 | D:9      | Bought the +7 sling "Vaenn" {elec, *Slow Fly Dex+2 Stlth+}
                  | for 590 gold pieces
 12047 | D:9      | Identified the +1 pair of gloves of Guets {rC++}
 12081 | D:9      | Noticed a necromancer
 12101 | D:9      | Reached skill level 6 in Ranged Weapons
 12133 | D:9      | Killed a necromancer
 12134 | D:9      | Reached skill level 7 in Ranged Weapons
 12555 | D:9      | Killed a deep elf pyromancer
 12582 | D:10     | Entered Level 10 of the Dungeon
 12609 | D:10     | Reached skill level 8 in Ranged Weapons
 12667 | D:10     | Noticed a gargoyle
 12680 | D:10     | Found an iron altar of Okawaru.
 12688 | D:10     | Reached XP level 11. HP: 50/55 MP: 19/19
 12928 | D:10     | Found Optewnis's Magic Scroll Emporium.
 12931 | D:10     | Bought a scroll of blinking for 97 gold pieces
 12931 | D:10     | Bought a scroll of identify for 26 gold pieces
 12931 | D:10     | Bought a scroll of teleportation for 39 gold pieces
 12931 | D:10     | Bought a scroll of enchant weapon for 97 gold pieces
 12931 | D:10     | Bought a scroll of teleportation for 39 gold pieces
 12931 | D:10     | Bought a scroll of vulnerability for 52 gold pieces
 12931 | D:10     | Bought a scroll of vulnerability for 52 gold pieces
 12937 | D:10     | Identified the +6 flail of Mens Rea {heavy, rElec Stlth+}
 13007 | D:10     | Reached skill level 9 in Ranged Weapons
 13026 | D:10     | Found a staircase to the Lair.
 13355 | D:10     | Found a runed translucent gate.
 13355 | D:10     | Found a runed translucent gate.
 13355 | D:10     | Found a runed translucent gate.
 13360 | D:10     | Noticed bakla's ghost (journeyman FeAl)
 13360 | D:10     | Noticed BigPumpCobain's ghost (novice MiBe)
 13431 | D:10     | Noticed a two-headed ogre
 13460 | D:10     | Killed a two-headed ogre
 13461 | D:10     | Reached skill level 10 in Ranged Weapons
 13729 | Lair:1   | Entered Level 1 of the Lair of Beasts
 13859 | Lair:1   | Found a gate leading to a gauntlet.
 13877 | Gauntlet | Entered a Gauntlet
 13877 | Gauntlet | Found a transporter.
 13877 | Gauntlet | Found a transporter.
 13881 | Gauntlet | Found a transporter.
 13881 | Gauntlet | Found a transporter.
 13885 | Gauntlet | Noticed a catoblepas
 13890 | Gauntlet | Found a transporter.
 13902 | Gauntlet | Found a transporter.
 13902 | Gauntlet | Noticed a soul eater
 13913 | Gauntlet | Noticed a hell beast
 13917 | Gauntlet | Found a transporter.
 13922 | Gauntlet | Noticed a white ugly thing
 13926 | Gauntlet | Found a transporter.
 13926 | Gauntlet | Found a transporter.
 13927 | Gauntlet | Noticed a brown ugly thing
 13930 | Gauntlet | Found a transporter.
 13930 | Gauntlet | Noticed an obsidian statue
 13931 | Gauntlet | Noticed a red ugly thing
 13932 | Gauntlet | Noticed a brown ugly thing
 13936 | Gauntlet | Found a transporter.
 13937 | Gauntlet | Noticed a great orb of eyes
 14011 | Gauntlet | Found a transporter.
 14031 | Gauntlet | Found a transporter.
 14126 | Gauntlet | Found a transporter.
 14143 | Gauntlet | Found a transporter.
 14146 | Gauntlet | Noticed a reaper
 14156 | Gauntlet | Found a transporter.
 14162 | Gauntlet | Noticed a great orb of eyes
 14426 | Lair:1   | Reached skill level 11 in Ranged Weapons
 14885 | Lair:2   | Found a staircase to the Shoals.
 14900 | Lair:2   | You are sucked into a shaft and drop 2 floors!
 14923 | Lair:3   | Reached skill level 12 in Ranged Weapons
 14963 | Lair:3   | Noticed a five-headed hydra
 15035 | Lair:3   | Killed a five-headed hydra
 15116 | Lair:3   | Noticed an eight-headed hydra
 15140 | Lair:3   | Killed an eight-headed hydra
 15141 | Lair:3   | Reached XP level 12. HP: 60/60 MP: 20/20
 15175 | Lair:3   | Noticed a seven-headed hydra
 15188 | Lair:3   | Reached skill level 13 in Ranged Weapons
 15289 | Lair:3   | Killed a seven-headed hydra
 15372 | Lair:3   | Noticed Amaemon
 15425 | Lair:3   | Killed Amaemon
 15538 | Lair:3   | Reached skill level 14 in Ranged Weapons
 15954 | Lair:2   | Reached skill level 6 in Fighting
 16040 | Lair:2   | Noticed a boulder beetle
 16069 | Lair:2   | Killed a boulder beetle
 16336 | Lair:2   | Reached skill level 7 in Fighting
 16458 | Lair:2   | Noticed a catoblepas
 16496 | Lair:2   | Reached skill level 11 in Dodging
 16545 | Lair:2   | Killed a catoblepas
 16654 | Lair:2   | Found a runed translucent gate.
 16654 | Lair:2   | Found a runed translucent gate.
 16654 | Lair:2   | Found a runed translucent gate.
 16654 | Lair:2   | Noticed gelatine's ghost (journeyman DsFE)
 16723 | Lair:2   | Found a hole to the Spider Nest.
 16744 | Lair:2   | Noticed Maggie
 16882 | Lair:2   | Killed Maggie
 16883 | Lair:2   | Reached skill level 12 in Dodging
 17257 | Lair:4   | Reached skill level 13 in Dodging
 17261 | Lair:4   | Reached XP level 13. HP: 67/67 MP: 21/21
 17401 | Lair:4   | Reached skill level 14 in Dodging
 17918 | Lair:5   | Entered Level 5 of the Lair of Beasts
 17921 | Lair:5   | Reached skill level 15 in Dodging
 17921 | Lair:5   | Upgraded the game from 0.31.0 to 0.31.0-2-g5a2aebc5c2
 18030 | Lair:5   | Reached skill level 8 in Fighting
 18350 | Lair:5   | Reached skill level 9 in Fighting
 18844 | Lair:5   | Found a staircase to the Slime Pits.
 19172 | Lair:5   | Reached skill level 10 in Fighting
 19593 | Lair:5   | Reached XP level 14. HP: 77/77 MP: 22/22
 19685 | Lair:5   | Reached skill level 11 in Fighting
 19764 | Lair:5   | Found a corrupted altar of Lugonu.
 19764 | Lair:5   | Found a one-way gate to the infinite horrors of the Abyss.
 19766 | Lair:5   | Found the +8 Wrath of Trog {antimagic, *Rage Rampage}
 20428 | D:11     | oh
 20428 | D:11     | ofc
 20428 | D:11     | hm
 20780 | D:11     | Found Piener's Antique Armour Emporium.
 21129 | D:12     | Reached skill level 12 in Fighting
 21390 | D:12     | Noticed Maurice
 21406 | D:12     | Maurice stole the +6 flail of Mens Rea {heavy, rElec
                  | Stlth+}
 21407 | D:12     | Killed Maurice
 21764 | D:12     | Noticed Fannar
 21797 | D:12     | Killed Fannar
 22083 | D:12     | Noticed Snorg
 22154 | D:12     | Killed Snorg
 22358 | D:12     | Learned a level 2 spell: Ensorcelled Hibernation
 22579 | D:12     | Noticed a tengu reaver
 22766 | D:13     | Reached skill level 9 in Stealth
 22784 | D:13     | Reached skill level 7 in Evocations
 22818 | D:13     | Reached skill level 6 in Spellcasting
 23008 | D:13     | Reached skill level 8 in Alchemy
 23055 | D:13     | Reached skill level 10 in Stealth
 23092 | D:13     | Reached skill level 8 in Evocations
 23191 | D:13     | Reached skill level 16 in Dodging
 23262 | D:13     | Found a gate to the Vaults.
 24210 | D:14     | Reached XP level 15. HP: 84/84 MP: 25/25
 24346 | D:14     | Reached skill level 11 in Stealth
 24423 | D:14     | magic hat
 24445 | D:14     | Reached skill level 9 in Evocations
 24598 | D:14     | Found a sparkling altar of Nemelex Xobeh.
 25038 | D:14     | Found a portal to a secret trove of treasure.
 25170 | D:15     | Entered Level 15 of the Dungeon
 25176 | D:15     | Noticed Jorgrun
 25190 | D:15     | Found a broken altar of Ashenzari.
 25323 | D:15     | Found a staircase to the Depths.
 25456 | D:15     | Reached skill level 12 in Stealth
 25491 | D:15     | Reached skill level 10 in Evocations
 25891 | D:15     | Killed Jorgrun
 25892 | D:15     | Reached skill level 17 in Dodging
 25995 | D:15     | Found a white marble altar of Elyvilon.
 26310 | Orc:1    | Entered Level 1 of the Orcish Mines
 26865 | Orc:2    | Entered Level 2 of the Orcish Mines
 26882 | Orc:2    | Noticed Erolcha
 26903 | Orc:2    | Killed Erolcha
 26915 | Orc:2    | Found a staircase to the Elven Halls.
 27057 | Orc:2    | Reached skill level 18 in Dodging
 27179 | Orc:2    | Found Ygovoiwa's Overcharged Wands.
 27512 | Orc:2    | Reached skill level 19 in Dodging
 27585 | Orc:2    | Found Woewo's Magic Scroll Shoppe.
 27936 | Orc:2    | Found Lotarhar's General Store.
 27939 | Orc:2    | Found Ahino's Magic Scroll Shoppe.
 27956 | Orc:2    | Bought a scroll of blinking for 97 gold pieces
 28224 | Orc:2    | Bought a scroll of identify for 30 gold pieces
 28224 | Orc:2    | Bought a scroll of silence for 142 gold pieces
 28224 | Orc:2    | Bought a scroll of teleportation for 45 gold pieces
 28224 | Orc:2    | Bought a scroll of summoning for 142 gold pieces
 28224 | Orc:2    | Bought a scroll of enchant weapon for 112 gold pieces
 28258 | Orc:2    | Bought a wand of paralysis (3) for 93 gold pieces
 28258 | Orc:2    | Bought a potion of curing for 39 gold pieces
 28268 | Orc:2    | Bought a scroll of fog for 60 gold pieces
 28268 | Orc:2    | Bought 2 scrolls of teleportation for 90 gold pieces
 28268 | Orc:2    | Bought a scroll of revelation for 112 gold pieces
 28268 | Orc:2    | Bought a scroll of fog for 60 gold pieces
 28268 | Orc:2    | Bought a scroll of revelation for 112 gold pieces
 28511 | D:12     | Killed a tengu reaver
 28527 | D:12     | Reached skill level 20 in Dodging
 28733 | D:9      | Killed bakla's ghost
 28803 | D:10     | Killed BigPumpCobain's ghost
 29052 | Lair:2   | Killed gelatine's ghost
 29123 | Spider:1 | Entered Level 1 of the Spider Nest
 29193 | Spider:1 | Reached XP level 16. HP: 88/88 MP: 26/26
 29584 | Spider:1 | Reached skill level 15 in Ranged Weapons
 30520 | Spider:2 | Learned a level 4 spell: Summon Lightning Spire
 30757 | Spider:2 | Reached skill level 16 in Ranged Weapons
 31807 | Spider:3 | Reached skill level 17 in Ranged Weapons
 32102 | Spider:3 | Paralysed by a jorogumo for 1 turns
 32553 | Spider:4 | Entered Level 4 of the Spider Nest
 33098 | Spider:4 | Found a runed translucent door.
 33100 | Spider:4 | Noticed Cumifues's ghost (journeyman MiMo)
 33182 | Spider:4 | Reached skill level 18 in Ranged Weapons
 33415 | Spider:4 | Reached skill level 11 in Evocations
 33639 | Spider:4 | Reached XP level 17. HP: 93/93 MP: 22/27
 33838 | Spider:4 | Reached skill level 12 in Evocations
 34056 | Spider:4 | Reached skill level 1 in Summonings
 34289 | Spider:4 | Reached skill level 2 in Summonings
 34375 | Spider:4 | Got a gossamer rune of Zot
 34519 | Spider:4 | Killed Cumifues's ghost
 34520 | Spider:4 | Reached skill level 5 in Air Magic
 34676 | Shoals:1 | Entered Level 1 of the Shoals
 34752 | Shoals:1 | Reached skill level 3 in Summonings
 34775 | Shoals:1 | Found a runed translucent door.
 34777 | Shoals:1 | Noticed thechecker02's ghost (adept GnFi)
 34801 | Shoals:2 | HP: 22/93 [wind drake/the air (26)]
 34914 | Shoals:2 | Reached skill level 4 in Summonings
 34956 | Shoals:2 | Found Nesopru's Self-Improvement Boutique.
 35203 | Shoals:1 | Found the +2 hat of the Bear Spirit {Spirit, Bear, *Rage
                  | Will++}
 35742 | Shoals:1 | Reached skill level 5 in Summonings
 36028 | Shoals:2 | Noticed a kraken
 36129 | Shoals:2 | Killed a kraken
 36130 | Shoals:2 | Reached skill level 7 in Spellcasting
 36184 | Shoals:2 | Noticed Polyphemus
 36290 | Shoals:2 | Bought a manual of Fighting for 1280 gold pieces
 36435 | Shoals:2 | Killed Polyphemus
 36436 | Shoals:2 | Reached skill level 8 in Spellcasting
 37062 | Shoals:3 | Reached skill level 13 in Fighting
 37928 | Shoals:3 | well idk why i'm getting that message
 37929 | Shoals:4 | Entered Level 4 of the Shoals
 38297 | Shoals:4 | Reached skill level 14 in Fighting
 38474 | Shoals:4 | Learned a level 3 spell: Passwall
 38561 | Shoals:4 | Reached skill level 1 in Earth Magic
 38819 | Shoals:4 | Got a barnacled rune of Zot
 38852 | Shoals:4 | Reached skill level 2 in Earth Magic
 39045 | Shoals:4 | Reached skill level 3 in Earth Magic
 39159 | Shoals:4 | Reached XP level 18. HP: 103/103 MP: 23/31
 39199 | Shoals:4 | Reached skill level 15 in Fighting
 39284 | Shoals:4 | Reached skill level 4 in Earth Magic
 40257 | Vaults:1 | Entered Level 1 of the Vaults
 40275 | Vaults:1 | really
 40286 | Vaults:1 | Found the +6 Majin-Bo {spellvamp, MP+6 Int+6}
 40482 | Vaults:1 | Reached skill level 5 in Earth Magic
 40774 | Vaults:1 | Found Zeco's Distillery.
 40782 | Vaults:1 | Bought a potion of invisibility for 168 gold pieces
 40812 | Vaults:1 | Reached skill level 16 in Fighting
 40876 | Vaults:1 | Found a transporter.
 40877 | Vaults:1 | Found a bloodstained altar of Trog.
 40898 | Vaults:1 | Noticed Synox's ghost (legendary FoFi)
 40923 | Vaults:1 | Found a transporter.
 41497 | Vaults:1 | Reached skill level 17 in Fighting
 41562 | Vaults:1 | Reached skill level 9 in Spellcasting
 41917 | Vaults:1 | Reached skill level 10 in Spellcasting
 42642 | Vaults:3 | Found a staircase to the Crypt.
 42833 | Vaults:2 | sigh
 42833 | Vaults:2 | okay it's fine, i don't make the portal, nbd
 42833 | Vaults:2 | no tilting
 43339 | Vaults:1 | Reached skill level 6 in Air Magic
 43489 | Vaults:1 | Reached skill level 6 in Summonings
 43598 | Vaults:2 | Reached XP level 19. HP: 112/112 MP: 29/34
 43663 | Vaults:2 | Reached skill level 21 in Dodging
 44105 | Vaults:2 | Reached skill level 22 in Dodging
 44297 | Vaults:2 | Found Sovvuc's Armour Emporium.
 44400 | Vaults:2 | Learned a level 4 spell: Cause Fear
 44489 | Vaults:2 | Reached skill level 1 in Hexes
 44500 | Vaults:2 | Reached skill level 2 in Hexes
 44995 | Vaults:1 | Reached skill level 3 in Hexes
 45261 | Vaults:2 | Reached skill level 4 in Hexes
 45584 | Vaults:2 | Found Ogeririq's Jewellery Emporium.
 45681 | Vaults:2 | Reached skill level 5 in Hexes
 46202 | Vaults:3 | Reached skill level 6 in Hexes
 46272 | Vaults:3 | Found the amulet of Vitality {RegenMP++ Regen++}
 46284 | Vaults:3 | Found a runed translucent door.
 47250 | Vaults:3 | Reached skill level 18 in Fighting
 47280 | Vaults:3 | Reached skill level 1 in Shields
 47832 | Vaults:3 | Reached skill level 2 in Shields
 47952 | Vaults:3 | Identified the ring "Emmagar" {rF+ Str+3}
 48109 | D:11     | Bought a shiny buckler for 232 gold pieces
 48179 | Orc:2    | Bought a wand of paralysis (18) for 648 gold pieces
 48179 | Orc:2    | Bought a wand of digging (11) for 693 gold pieces
 48179 | Orc:2    | Bought a wand of roots (18) for 648 gold pieces
 48999 | Vaults:4 | Reached skill level 3 in Shields
 49125 | Vaults:4 | Reached skill level 4 in Shields
 49429 | Vaults:4 | Reached skill level 5 in Shields
 49505 | Vaults:4 | Reached skill level 6 in Shields
 49519 | Vaults:4 | Reached XP level 20. HP: 119/119 MP: 35/35
 49784 | Vaults:4 | Reached skill level 7 in Shields
 49944 | Vaults:4 | Reached skill level 8 in Shields
 50348 | Vaults:4 | Reached skill level 9 in Shields
 50485 | Vaults:4 | Noticed Mennas
 50486 | Vaults:4 | ahh
 50936 | Vaults:4 | Reached skill level 10 in Shields
 51474 | Depths:1 | Entered Level 1 of the Depths
 51975 | Depths:1 | Found the +8 longbow "Zephyr" {speed, Dex+3 SInv}
 51994 | Depths:1 | Found a transporter.
 52014 | Depths:1 | Reached skill level 11 in Shields
 52019 | Depths:1 | Found a transporter.
 52024 | Depths:1 | Found a transporter.
 52129 | Depths:2 | Found a gateway to Hell.
 52256 | Depths:1 | Reached skill level 19 in Ranged Weapons
 52546 | Depths:2 | Reached skill level 20 in Ranged Weapons
 52814 | Depths:2 | Reached skill level 21 in Ranged Weapons
 53014 | Depths:2 | Reached XP level 21. HP: 103/123 MP: 28/36
 53085 | Depths:2 | Identified the +1 leather armour "Zetigh" {rN++}
 53231 | Depths:2 | Noticed a caustic shrike
 53281 | Depths:2 | Reached skill level 22 in Ranged Weapons
 53536 | Depths:2 | Killed a caustic shrike
 53655 | Depths:2 | Found a one-way gate leading to the halls of Pandemonium.
 53899 | Depths:2 | Found the +3 hat of Pondering {ponderous, Will+ MP+10
                  | Int+5}
 54140 | Depths:2 | Identified the +2 ring mail of Bacopra {*Corrode +Inv rPois
                  | Str+5}
 54203 | Depths:2 | Noticed a caustic shrike
 54217 | Depths:2 | Killed a caustic shrike
 54326 | Depths:2 | Reached skill level 12 in Shields
 54410 | Depths:2 | Identified the ring of Charity {+Blink Str+6 Int+4}
 54432 | Depths:2 | Identified the +0 hat of Defence {-Tele *Slow Str+4 Dex+9}
 54831 | Depths:3 | Noticed the Enchantress
 54883 | Depths:1 | Killed the Enchantress
 55057 | Depths:1 | Found a transporter.
 55479 | Depths:1 | Reached skill level 13 in Shields
 56337 | Depths:2 | Reached skill level 7 in Hexes
 56414 | Depths:3 | Reached skill level 11 in Spellcasting
 56423 | Depths:3 | come on
 56440 | Depths:3 | Reached skill level 13 in Evocations
 56519 | Depths:3 | Noticed a dread lich
 56581 | Depths:2 | Killed a dread lich
 56614 | Depths:3 | Noticed a dread lich
 56616 | Depths:3 | Identified the +4 great mace of Guanis {freeze, rPois Will+
                  | Dex-4}
 56636 | Depths:2 | HP: 25/119 [???[a dread lich] (17)]
 56637 | Depths:2 | ...............
 56689 | Depths:1 | Bought a translucent lead ring for 110 gold pieces
 56689 | Depths:1 | Identified the ring "Dottesm" {^Drain rElec Will+ Dex+2
                  | Stlth+} (You bought it in a shop on level 1 of the Depths)
 56689 | Depths:1 | Bought a wand of acid (5) for 462 gold pieces
 56864 | Elf:1    | Entered Level 1 of the Elven Halls
 56928 | Elf:1    | Reached skill level 12 in Spellcasting
 56948 | Elf:1    | Reached skill level 14 in Evocations
 56953 | Elf:1    | Reached XP level 22. HP: 128/128 MP: 39/39
 56974 | Elf:1    | Found Mosoinid's Jewellery Emporium.
 57008 | Elf:1    | Found Bint's Assorted Antiques.
 57016 | Elf:1    | Bought 2 potions of cancellation for 480 gold pieces
 57272 | Elf:1    | Reached skill level 1 in Armour
 57417 | Elf:1    | Paralysed by an air elemental for 1 turns
 57466 | Elf:1    | Found Fimau's Armour Shoppe.
 57616 | Elf:1    | Reached skill level 2 in Armour
 57634 | Elf:1    | Found Ceaklez's Assorted Antiques.
 57645 | Elf:1    | Bought a wand of roots (6) for 360 gold pieces
 57645 | Elf:1    | Bought a scroll of enchant weapon for 187 gold pieces
 58026 | Elf:2    | Found Boschegel's Assorted Antiques.
 58057 | Elf:2    | Reached skill level 3 in Armour
 58084 | Elf:2    | Bought a wand of roots (5) for 372 gold pieces
 58084 | Elf:2    | Bought a wand of digging (4) for 520 gold pieces
 58084 | Elf:2    | Bought a wand of acid (7) for 911 gold pieces
 58137 | Elf:2    | Found a huge runed translucent gate.
 58137 | Elf:2    | Found a huge runed translucent gate.
 58137 | Elf:2    | Found a huge runed translucent gate.
 58141 | Elf:2    | Found a huge runed translucent gate.
 58143 | Elf:2    | Found a huge runed translucent gate.
 58885 | Elf:3    | Entered Level 3 of the Elven Halls
 58930 | Elf:3    | Noticed Norris
 58977 | Elf:2    | Killed Norris
 59139 | Elf:3    | Noticed Boris
 59355 | Elf:3    | Reached skill level 4 in Armour
 59987 | Elf:3    | Noticed Bai Suzhen
 60090 | Elf:3    | Killed Bai Suzhen
 60221 | Elf:3    | Reached skill level 19 in Fighting
 60227 | Elf:3    | Reached skill level 5 in Armour
 60472 | Elf:3    | Identified the +9 tower shield of Vevoecul {Rampage rF-
                  | Slay+6}
 60473 | Elf:3    | Identified the ring of Beauty {+Blink rCorr Str+3 Int+6}
 60478 | Elf:3    | Identified the ring "Kuffog" {rN+ Dex+2 Stlth+}
 60493 | Elf:3    | Identified the amulet "Ymosudwa" {Acrobat rElec}
 60498 | Elf:3    | Identified the +1 spear "Gudych" {flame, ^Fragile Fly rN+++
                  | Int-3}
 60621 | Elf:3    | Learned a level 5 spell: Alistair's Intoxication
 61014 | D:14     | You paid a toll of 4 potions of resistance to enter a
                  | treasure trove
 61015 | Trove    | Entered a treasure trove
 61019 | Trove    | Found the ring of the Mage {Wiz Archmagi}
 61022 | Trove    | Identified the ring of Cuosegred {Fire Int+4 Dex-3}
 61026 | Trove    | Identified the ring "Yneuz" {Will- Str+6 Slay+4 SInv}
 61028 | Trove    | Identified the amulet "Acilen Fedghu" {Spirit ^Contam rElec
                  | rF+++ rCorr Stlth-}
 61038 | Trove    | Identified the ring "Litz" {*Corrode Fly rPois Will+}
 61040 | Trove    | Identified the ring "Rinan" {Will++ EV+5 Int-3}
 61045 | Trove    | Identified the ring "Bink" {rC+ Will+}
 61293 | Depths:2 | Killed a dread lich
 61511 | Depths:3 | lol heavy again
 61511 | Depths:3 | can't escape it
 61780 | Depths:3 | Found a faded altar of an unknown god.
 62025 | Depths:3 | Found a one-way gateway to a ziggurat.
 62580 | Depths:4 | Entered Level 4 of the Depths
 62596 | Depths:3 | Reached skill level 20 in Fighting
 62596 | Depths:3 | 22 12
 62749 | Depths:4 | Noticed a golden dragon
 62774 | Depths:3 | Killed a golden dragon
 62775 | Depths:3 | Reached XP level 23. HP: 137/137 MP: 40/40
 62781 | Depths:3 | 22 11 w/ hc
 63123 | Depths:4 | Noticed a juggernaut
 63268 | Depths:4 | Killed a juggernaut
 63493 | Depths:4 | Reached skill level 6 in Armour
 63676 | Depths:4 | Learned a level 5 spell: Summon Mana Viper
 63998 | Depths:4 | Found a gate to the Realm of Zot.
 64299 | Crypt:1  | Entered Level 1 of the Crypt
 64381 | Crypt:1  | Reached skill level 7 in Armour
 64690 | Crypt:1  | Reached skill level 8 in Hexes
 65016 | Crypt:2  | Reached skill level 9 in Hexes
 65229 | Crypt:2  | Noticed an ancient lich
 65319 | Crypt:2  | Killed an ancient lich
 65320 | Crypt:2  | Reached skill level 10 in Hexes
 65406 | Crypt:2  | Identified the amulet of Bysyav {Acrobat Str+2}
 65409 | Crypt:2  | Identified the +7 ring mail of Grace {^Contam Fly Str+3
                  | Int+6}
 65811 | Crypt:2  | Reached skill level 11 in Hexes
 66440 | Crypt:1  | Reached skill level 7 in Summonings
 66710 | Crypt:1  | Reached skill level 8 in Summonings
 66987 | Crypt:3  | Entered Level 3 of the Crypt
 67126 | Crypt:3  | Found the +7 sceptre of Torment {pain, torment}
 67478 | Crypt:3  | Identified the +0 robe of Varghoogu {+Inv Int+3}
 67516 | Crypt:3  | Found a staircase to the Tomb.
 68309 | Crypt:3  | Noticed an ancient lich
 68407 | Crypt:3  | Killed an ancient lich
 68454 | Crypt:3  | Identified the ring "Zuwob" {rElec rPois Will+ Str+2 Int-5}
 68456 | Crypt:3  | Identified the ring "Xiynummau" {rElec rF+ rN+}
 68456 | Crypt:3  | Identified the amulet of Xom's Passing Interest {rF+ rN+
                  | Regen+ Dex-4}
 68456 | Crypt:3  | Identified the ring "Baemew" {rN+ Will++}
 68478 | Crypt:3  | Upgraded the game from 0.31.0-2-g5a2aebc5c2 to
                  | 0.31.0-4-g52a2dc7128
 68738 | Vaults:5 | Entered Level 5 of the Vaults
 68739 | Vaults:5 | oh i forgot i should have hatched
 68836 | Vaults:5 | Reached XP level 24. HP: 111/142 MP: 40/40
 68889 | Vaults:5 | Reached skill level 12 in Hexes
 68907 | Vaults:5 | Reached skill level 13 in Spellcasting
 68957 | Vaults:5 | Noticed a dread lich
 69011 | Vaults:5 | Reached skill level 9 in Summonings
 69011 | Vaults:5 | Reached skill level 15 in Evocations
 69103 | Vaults:5 | Killed a dread lich
 69104 | Vaults:5 | Reached skill level 4 in Translocations
 69125 | Vaults:5 | Learned a level 5 spell: Summon Forest
 69149 | Vaults:5 | Found Rask's Distillery.
 69156 | Vaults:5 | Bought a potion of resistance for 160 gold pieces
 69156 | Vaults:5 | Bought a potion of lignification for 48 gold pieces
 69171 | Vaults:5 | what
 69187 | Vaults:5 | Reached skill level 5 in Translocations
 69301 | Vaults:5 | Identified the ring of Umaecs {rC+ rN+ Str-4 Int+4}
 69338 | Vaults:5 | Reached skill level 6 in Translocations
 69470 | Vaults:5 | Gained mutation: Armour fits poorly on your strangely
                  | shaped body. [a shining eye]
 69811 | Vaults:5 | Reached skill level 23 in Dodging
 69820 | Vaults:5 | Reached skill level 7 in Translocations
 69836 | Vaults:5 | Identified the amulet of Atykh {Spirit Rampage Str+3}
 70025 | Vaults:5 | Identified the +3 falchion of the Bespelling Gods {distort,
                  | rElec rF+++ Str+3 Int-2}
 70033 | Vaults:5 | Identified the ring "Ojofur" {rF+ MP+9 Str-4 Dex+3}
 70158 | Vaults:5 | Reached skill level 8 in Translocations
 70233 | Vaults:5 | Identified the +8 falchion "Hydrabane" {vamp, Will+}
 70529 | Vaults:5 | Reached skill level 9 in Translocations
 70615 | Vaults:5 | Got a silver rune of Zot
 70962 | Vaults:5 | Bought a potion of haste for 160 gold pieces
 70962 | Vaults:5 | Bought a potion of cancellation for 128 gold pieces
 70962 | Vaults:5 | Bought a potion of heal wounds for 80 gold pieces
 71109 | Vaults:1 | Bought 2 potions of heal wounds for 210 gold pieces
 71109 | Vaults:1 | Bought a potion of heal wounds for 105 gold pieces
 71109 | Vaults:1 | Bought a potion of lignification for 63 gold pieces
 71109 | Vaults:1 | Bought 2 potions of mutation for 336 gold pieces
 71109 | Vaults:1 | Bought a potion of mutation for 168 gold pieces
 71677 | Elf:1    | Bought a potion of heal wounds for 125 gold pieces
 71677 | Elf:1    | Bought a potion of heal wounds for 125 gold pieces
 71677 | Elf:1    | Bought a potion of heal wounds for 125 gold pieces
 71731 | Elf:2    | Bought a potion of ambrosia for 248 gold pieces
 72117 | Zot:1    | Entered Level 1 of the Realm of Zot
 72345 | Zot:1    | Reached skill level 24 in Dodging
 72944 | Depths:4 | Reached skill level 25 in Dodging
 73398 | Zot:2    | Noticed Grunn
 73418 | Zot:1    | Killed Grunn
 73437 | Zot:1    | Reached skill level 26 in Dodging
 73564 | Zot:2    | Reached XP level 25. HP: 145/145 MP: 41/41
 73582 | Zot:2    | Noticed an orb of fire
 73680 | Zot:2    | Gained mutation: You occasionally shout uncontrollably at
                  | your foes. [an orb of fire]
 73681 | Zot:2    | Gained mutation: You are weak. (Str -2) [an orb of fire]
 73685 | Zot:2    | Gained mutation: You are vulnerable to cold. (rC-) [an orb
                  | of fire]
 73685 | Zot:2    | Gained mutation: You sometimes lose your temper in combat.
                  | [an orb of fire]
 73686 | Zot:2    | Gained mutation: You are dopey. (Int -2) [an orb of fire]
 73688 | Zot:2    | Gained mutation: Your magical capacity is low. (-10% MP)
                  | [an orb of fire]
 73692 | Zot:2    | Killed an orb of fire
 73712 | Zot:2    | Lost mutation: You are vulnerable to cold. (rC-) [potion of
                  | mutation]
 73712 | Zot:2    | Lost mutation: Armour fits poorly on your strangely shaped
                  | body. [potion of mutation]
 73712 | Zot:2    | Lost mutation: Your magical capacity is low. (-10% MP)
                  | [potion of mutation]
 73712 | Zot:2    | Gained mutation: Your spells are a little harder to cast,
                  | but a little more powerful. [potion of mutation]
 73712 | Zot:2    | Gained mutation: Your flesh is heat resistant. (rF+)
                  | [potion of mutation]
 73713 | Zot:2    | Lost mutation: You occasionally shout uncontrollably at
                  | your foes. [potion of mutation]
 73713 | Zot:2    | Lost mutation: Your spells are a little harder to cast, but
                  | a little more powerful. [potion of mutation]
 73713 | Zot:2    | Lost mutation: Your flesh is heat resistant. (rF+) [potion
                  | of mutation]
 73714 | Zot:2    | Lost mutation: You sometimes lose your temper in combat.
                  | [potion of mutation]
 73714 | Zot:2    | Lost mutation: You are dopey. (Int -2) [potion of mutation]
 73714 | Zot:2    | Lost mutation: You are weak. (Str -2) [potion of mutation]
 73714 | Zot:2    | Gained mutation: You are resistant to electric shocks.
                  | (rElec) [potion of mutation]
 73894 | Zot:2    | ugh
 73982 | Zot:2    | Reached skill level 27 in Dodging
 74010 | Zot:2    | Noticed a Killer Klown
 74094 | Zot:2    | Reached skill level 13 in Stealth
 74100 | Zot:2    | Killed a Killer Klown
 74269 | Zot:3    | Reached skill level 14 in Stealth
 74299 | Zot:3    | ok
 74635 | Zot:3    | Reached skill level 9 in Alchemy
 74851 | Zot:3    | Reached skill level 14 in Spellcasting
 74961 | Zot:4    | Noticed an orb of fire
 74962 | Zot:4    | ok
 74964 | Zot:3    | Gained mutation: Your body sometimes deteriorates upon
                  | taking damage. [an orb of fire]
 74972 | Zot:3    | Gained mutation: Potions are less effective at restoring
                  | your health. [an orb of fire]
 74982 | Zot:3    | Killed an orb of fire
 74983 | Zot:3    | Reached skill level 10 in Alchemy
 75002 | Zot:5    | Entered Level 5 of the Realm of Zot
 75176 | Zot:5    | Noticed a dread lich
 75199 | Zot:5    | Killed a dread lich
 75263 | Zot:5    | Noticed an orb of fire
 75270 | Zot:5    | Noticed an orb of fire
 75289 | Zot:5    | Killed an ancient lich
 75290 | Zot:5    | Killed a Killer Klown
 75316 | Zot:5    | Noticed an orb of fire
 75316 | Zot:5    | Noticed an orb of fire
 75316 | Zot:5    | Noticed an orb of fire
 75336 | Zot:5    | Killed an orb of fire
 75337 | Zot:5    | Gained mutation: You are covered in fur. (AC +1) [an orb of
                  | fire]
 75343 | Zot:5    | Gained mutation: You are clumsy. (Dex -2) [an orb of fire]
 75355 | Zot:5    | Gained mutation: You have hidden genetic defects. [an orb
                  | of fire]
 75357 | Zot:5    | Killed an orb of fire
 75358 | Zot:5    | Gained mutation: Potions cannot restore your health. [an
                  | orb of fire]
 75365 | Zot:5    | Gained mutation: Your body often deteriorates upon taking
                  | damage. [an orb of fire]
 75497 | Zot:5    | Reached skill level 21 in Fighting
 75710 | Zot:5    | Lost mutation: You have hidden genetic defects. [potion of
                  | mutation]
 75710 | Zot:5    | Lost mutation: Potions cannot restore your health. [potion
                  | of mutation]
 75710 | Zot:5    | Lost mutation: You are resistant to electric shocks.
                  | (rElec) [potion of mutation]
 75710 | Zot:5    | Gained mutation: You have large cloven feet. [potion of
                  | mutation]
 75711 | Zot:5    | Lost mutation: You are covered in fur. (AC +1) [potion of
                  | mutation]
 75711 | Zot:5    | Lost mutation: You have large cloven feet. [potion of
                  | mutation]
 75711 | Zot:5    | Lost mutation: Your body often deteriorates upon taking
                  | damage. [potion of mutation]
 75712 | Zot:5    | Lost mutation: You are clumsy. (Dex -2) [potion of
                  | mutation]
 75712 | Zot:5    | Lost mutation: Your body sometimes deteriorates upon taking
                  | damage. [potion of mutation]
 75712 | Zot:5    | Gained mutation: You have hidden genetic potential. [potion
                  | of mutation]
 75712 | Zot:5    | Gained mutation: Your body sometimes deteriorates upon
                  | taking damage. [potion of mutation]
 75713 | Zot:5    | Lost mutation: Your body sometimes deteriorates upon taking
                  | damage. [potion of mutation]
 75713 | Zot:5    | Lost mutation: Potions are less effective at restoring your
                  | health. [potion of mutation]
 75713 | Zot:5    | Lost mutation: You have hidden genetic potential. [potion
                  | of mutation]
 75713 | Zot:5    | Gained mutation: A frigid envelope surrounds you and
                  | freezes all who hurt you. [potion of mutation]
 75714 | Zot:5    | Got the Orb of Zot
 76368 | D:$      | Escaped with the Orb!

Illustrated notes .░ ░.░░...........░ ░.░░ )░░░░░░░░░░░░.░░.░░.░░░░░░░░░░.░ ...........<........░░ ░..░ .░░░░░░░░░░░░....░░..░░░░░░░░.░░░ .░░░░░░░░░░░░....░░░...░░........ ...........░.....░ ░░░.░░........ .░░░...░░........░░░......≤h...). .░░.....░........░░.............. ...........░░...@h...((.░........ ░..........................░░░░░░ ░........░░░░....░..░.░░..░░ ░........░░░._...░....░...░ .........░....░░........░.░ ...................░...░░.░ ░░..............░░░░.░.░░.░ ░░░..............░ ░.░.░░.░░ ..░......░░░..░░.░░░.░.....░░░░ Turn 3830 on D:3: okay ♣♣♣♣♣ ♣♣♣♣♣♣♣♣♣.∩.♣♣♣♣♣♣ ≈≈≈≈≈≈.........≈≈≈ ≈≈≈≈≈≈.@..∩....≈≈≈ ≈▓▓▓▓▓.........▓▓▓ ▓▓.......▓▓ ▓▓.....▓▓ ▓▓+++▓▓ Turn 7860 on Bailey: ugh ...<$....░░░ ..░$....░░ .. ...$.....░░░... ............... ............?.░ ..............░ ..............░ ..............░░░░░░░░░ ..$.......^░░ ░@.....░ ....^....░░░ ░......░ ........░░░░░░░░......░ .......(...OW.........░ ░.....................░ ..░░░░................░ ░░ ░░........░░░...░░ ░.........░ ░░C░ ░..........^░ ..░ Turn 20428 on D:11: oh ▓.......................░ ▓.░░░░░'░░░░░...........░ ▓.░.........░...........░ ▓▓.░.........░...........░ ...░.........░...........░ ...░░░░░░░░░░░.......░░░░░ [...... ............░ ░░░░░░.. ............░ .......@....░ .........░░░░ ░░.......░ ░.......░ ░.......░ ░.......░ ░.......░ +.......░ Turn 24423 on D:14: magic hat .......~~P..§§§..~...▓....▓.≈≈≈≈≈ ......~~~~..§§§.............≈≈≈≈≈ .....~~PPP.▓§..▓......~~≈≈≈≈≈≈≈≈≈ .....~~≈≈P............~~~~≈≈≈≈≈≈≈ ....~~~≈≈≈~~...........~.~≈≈≈≈≈≈≈ ....~~≈≈≈≈~~...........~~~≈≈≈≈≈~~ ....~~≈≈≈≈~~............≈≈≈≈≈≈≈~~ ...~~~~≈≈≈~~~............~≈≈≈≈≈~≈ ~~~~~~~≈≈~~~~...@........~≈≈≈~.~≈ ~~~~~~~~~~~~~~......)..~~~≈≈~~~.≈ ~~~~~..~~~~~~~.......).~~≈≈≈≈~~≈≈ ~~~~~..~~≈≈≈≈~~...........~~~~≈≈≈ ~~~~~..~~~.~~~~<░░▓▓▓▓░...~~~~≈≈~ ~~~~~...~~..~~~.░░░ ▓.~~~~~~≈~~ ~~~~~.░░░>.~~~~...░ ░░~~~~(~≈~< ~~~~~..▓░....~~~~.░░░░░.~~~...... .~~~~..░░░░.~~~~~..░░..~~........ Turn 37928 on Shoals:3: well idk why i'm getting that message ▓▓▓▓▓▓▓▓+▓▓▓▓ ▓......@....+ ▓.....∩.....▓ ▓...........▓ ▓...........▓ ▓...........▓ ▓...........▓ ▓▓▓▓▓▓▓▓▓▓▓▓▓ Turn 40275 on Vaults:1: really ▓▓....<.▓▓▓......▓ *,,,,,,* ▓▓▓▓▓▓..▓▓▓..▓▓▓▓▓ *****+** ▓▓▓▓▓▓..▓▓▓..▓▓ ****,,,**** ▓▓▓▓▓▓..▓▓▓..▓▓ *,,,,,,,,,* ▓▓▓▓▓▓..▓▓▓..▓▓ *,,,,,,,,,* ▓▓▓▓▓▓▓▓'▓▓▓▓▓▓▓▓▓▓▓▓▓,,*****,,* .....................▓,,,,,,,,,** .....................▓,,,,,,,,,*, ................@....▓***,,,****, .....................▓ ****+** *, ..............X......▓**,,,,,***, ▓▓▓▓▓▓▓▓▓'▓▓▓▓▓▓.....▓*,,**,,,**, ▓..^.▓ ▓...p.▓,,**,,*,,+, ▓....▓ ▓.....▓,**,,,**,*, ***▓▓▓..▓ ▓.....'.▓*,,,**,** *,,,,▓..▓ ▓...p.▓.▓*,,,**,* *,,,,+..▓ ▓/....▓.p▓,,**,,* Turn 42833 on Vaults:2: sigh .....≡......≡ .....≡≡≡≡≡≡'≡≡≡≡≡≡≡ ......≡...≡...≡...≡ ......≡...........≡ ......'...≡...≡...≡ ......≡≡.≡≡≡≡≡≡≡.≡≡ ......≡...≡...≡...≡ ......≡...........≡ ......≡...≡...≡.@.≡ ......≡≡.≡≡≡≡≡≡≡.≡≡ ......≡...≡...≡...≡ ......≡...........≡ . ≡...≡...≡...≡ . ≡≡≡≡≡≡≡≡≡≡'≡≡ .A.. ..... ≡... ......≡ Turn 50486 on Vaults:4: ahh ..... ░.... . ▓ ░...░░░░░░░░░░░.. ≡. ≤................ ... ................ ...░ ░........^.... ....░░░░░░░............. .......$<$).....@....... .....$$$..$............. ......<..............░░░ .....................░ .......$.............░ ........?............░ .....................░ ░░░░░░░░░░░░░░░░░░░░░░ Turn 56423 on Depths:3: come on ░░.░░░......[..░ ▓.▓.▓.▓.▓.▓.▓ ░░.░░.......░.░ ▓▓.▓.▓.▓.▓.▓. ░░░░░.░.......(.░░ ▓.▓.▓.▓.▓.▓.▓ .....░...[....)[.░░ ▓▓.▓.▓.▓.▓.▓. .░░░.░░.>.░...>§..░░▓.▓.▓.▓.▓(▓[▓ ..░░.░░░...░..[[.░.([▓.▓.▓.▓.▓.▓▓ ...░.░░░..░...1...p.▓.▓.▓.▓.▓.▓▓. .........§.21.[...░░▓▓)▓.▓.▓.▓▓.. ...░.░.§§§§L....@.).▓.▓)▓.▓.▓▓... ..░░...§§§§.........▓▓▓▓▓▓▓▓▓▓▓▓▓ ░░░░..§§§§§...................... .......§§§§...................... ......§§§§....................... .........§....................... .....░.......░...░.∩.░░░....░░... ..░░░░░░))...░.░░..░░░░.░░░░░░░░░ .░░ ░░.░.....░░░░░ ░░░ Turn 56637 on Depths:2: ............... ..............░ ).............░ ....... ░░░░░░░░░░░░░░░░ ....... ░ .░....... ░ ░░........ ░ ░......... ░░░░░░░░░░░░░░░......... ........................ ................@....... ░░░░░░░░░░░░░░░░░░░░░░░. ░░░░░░░░░░░ ([.[......░ <......░░░░ .░░░░░░░ ░.░░░░░ ......░░ .......░ Turn 61511 on Depths:3: lol heavy again ≡≈≡§§..≡[.≡≡....▓≈≡≡ ≡≈≡≡. ≡≈≡≡≡.....≡....≡≡≈≡ ≡§▓. ≡≈▓[≡.....≡....≡≡≈≡≡ ≡§≡. ≡≈≡[≡≡.(.≡≡.....▓≈≈≡≡≡≡≈≡. ≡≈≡.(≡...≡≡.....≡≡≡≈≈≡≡≈≡. ≡≈▓..≡≡...≡≡......≡▓≡≈≈≡≡. ≡§≡.).≡...≡≡........≡≡▓≡.. ≡≈≡.))≡...T≡≡▓≡........'.. ≡≈▓.))≡≡.@$≡≈§≡▓≡......'.8 ≡§≡.≡[)≡...≡≡≡≈§≡▓≡....'.. ≡≈≡▓≡≡'≡≡....≡≡≡§≈≡≡...'.. ≡≡≈▓≡≡..'....≡.≡≡≡≈≡≡..≡.. ≡§≡≡≡..'....'...≡▓≈≡..≡≡. ≡_ ≡..≡..>.'...)▓§≡..≡≡. ≡≈≡≡≡..'....'..(≡▓§≡..≡≡. ≡ ≈▓≡≡..'....≡.≡≡≡≈≡≡..≡.. ≡§≡▓≡≡'≡≡..≈.≡≡≡≈§≡≡...'.. Turn 62596 on Depths:3: 22 12 ≡≈≡§...≡[.≡≡....▓≈≡≡ ≡≈≡≡. ≡≈≡≡≡.....≡....≡≡≈≡ ≡§▓. ≡≈▓[≡.....≡....≡≡≈≡≡ ≡§≡. ≡≈≡[≡≡.(.≡≡.....▓≈≈≡≡≡≡≈≡. ≡≈≡.(≡...≡≡.....≡≡≡≈≈≡≡≈≡. ≡≈▓..≡≡...≡≡......≡▓≡≈≈≡≡. ≡§≡.).≡...≡≡........≡≡▓≡.. ≡≈≡.))≡..°.≡≡▓≡........'.. ≡≈▓.))≡≡.@.≡≈§≡▓≡......'.8 ≡§≡.≡[)≡...≡≡≡≈§≡▓≡....'.. ≡≈≡▓≡≡'≡≡....≡≡≡§≈≡≡...'.. ≡≡≈▓≡≡..'....≡.≡≡≡≈≡≡..≡.. ≡§≡≡≡..'....'...≡▓≈≡..≡≡. ≡_ ≡..≡..>.'...)▓§≡..≡≡. ≡≈≡≡≡..'....'..(≡▓§≡..≡≡. ≡ ≈▓≡≡..'....≡.≡≡≡≈≡≡..≡.. ≡§≡▓≡≡'≡≡..≈.≡≡≡≈§≡≡...'.. Turn 62781 on Depths:3: 22 11 w/ hc ≡..≡....≡ ≡+≡≡..≡....≡ . ......≡....≡ .. ....≡.pp.≡... C...pppp.... ≡≡≡≡≡.p....p.≡≡ .....p..<≤..p.. ....pp.@..<.pp. .....p..≤≤..p.. ......p....p... ≡≡≡≡≡..pppp..≡≡ ≡...pp..... +≡≡....≡... ≡....≡≡≡≡ ≡....≡ Turn 68739 on Vaults:5: oh i forgot i should have hatched ≡..≡..,,,,,,,,**+**,, ≡..$..,,,,,,,,,,,,,,, ≡....≡≡≡≡≡≡********** ≡.D$.......,,,,,,,,,, ≡......)...,,,,,,,,,, ≡..........,,,,,,,,,, ≡...$.pp...,,,,,,,,,, ≡..○.≡*************** ≡..$@≡≡≡≡≡≡≡≡≡≡* **** ≡..≡≡.D.......,≡**,,, ≡.Q≡....'≡≡'....+,,,, ≡..≡....≡)(≡....*,,,, ≡L$≡....≡..≡....*,,,, ≡.p≡....'≡≡'....+,,,, ≡.$≡≡..........≡**,,, ≡..≡≡'≡≡'≡≡'≡≡'≡ *+** ≡..≡≡..........≡≡*,,, Turn 69171 on Vaults:5: what .░,**,**,** **,,,,,,,,* * .░░***,*.░ *,,,,,,,,** ..░*░░.*.░* *,,,,,,,,,* .░░....░..░░░░░ *⌠,,,,,,,,** ░.░.░.░.░░.░░░░ *,*,,,,**,,* ░.|░░░░.░░..░░▓▓▓▓▓ **,*,,,,**,,* ..░░░░.░░░░░.▓▓.⌠.▓▓*,**,,*,**,,* .░.░.....░°░░▓.[...▓,,**,,*,,**,, .░..░.)..░..░▓⌠.@.⌠▓*,**,,**,**,, ....▓.?...░░☼▓.....▓*,**,***,**,, ....).<..░░..▓▓...▓▓*,,,,* *,,*,, .....▓▓▓▓▓▓▓.▓▓▓)▓▓▓,*******,,,,, ░...▓▓.....▓▓▓.....▓**,,,,,**,,,, ░░..▓.▓▓▓▓▓.▓.▓...▓.▓,*****,*,,,, ░░░.'.......▓.▓...▓,▓,,,,,,,,,,,, ░░░.▓...⌠...'.▓.⌠.▓,+,,,⌠,,,**,** ░░░...(.....▓.▓...▓,▓,,,,,,,+,,* Turn 73894 on Zot:2: ugh

,,***,,***,,,,,,,,,**░........░**
,***,,,***,,,,,,,,***░........░ *
,,**,,***,,,,,,,,**░.....#....░░░
,,,,,,***,,,,,,,**░░..░░..#......
,,,,,***,,,,,,,,*░░..░*░..#....q.
,,,,,* *,,,,,,,**░...░░░##.#..░..
,,,,,***,,,,,,,░░░....░..§.#..░..
,,,,,**,,,,,,,,▓.........<.#d.░,.
,,,,***,,,,,,,,▓@...kqqk.§.k#....
,,,,* *,,,,,,,▓.....Xddq§.§.#....
,,,,* *,,,,,,,▓...░░░.q......#░..
,,,,* *,,,,,,*.▓▓.░ ░....§§..#*.░
,,,,* *,,,,,,▓.,,.░ ░..░...##.,.░
,,,,* *,,,,,,▓.,,.░ ░..░.##...░**
,,,,* *,,,,,*.***.░*░..░#.,...░*,
**,,* *,,,,,*.,,,..*░...*...,..,,
**,,***,,***,,≤,,,,,....,#..,^,,,


Turn 74299 on Zot:3: ok ..░░░░...░░ ░......... ░..z...... ░........ ░.......
░......░░ ░...▓▓▓░ ░..▓@▓░ ░░.▓*▓░ ░..▓▓▓.. ░.....(...$ ░.....░░░░.... .....X.
░░░░ ░.....░ ░░.... Turn 74962 on Zot:4: ok

Levels and vault maps discovered:
D:1:      minmay_arrival_widening_spiral_narrow, layout_basic, grunt_decor_cap
D:2:      layout_loops_cross, st_stairs_3
D:3:      layout_rooms, overflow_temple_1_default, minmay_cut_off
D:4:      layout_rooms
D:5:      layout_rooms, minmay_temple_entry_large_hall,
          amcnicky_mini_pool_small, nrook_campfire, uniq_pikel
D:6:      layout_loops_ring, hellmonk_no_cap, uniq_jeremiah, uniq_blork_the_orc
D:7:      layout_cave_pools, minmay_overflow_temple_star_hex, enter_bailey_2
D:8:      layout_loops_ring, mainiacjoe_overflow_concentric_impassable,
          uniq_psyche
D:9:      layout_roguey, orc_david_3, eino_house_with_fridge
D:10:     layout_roguey, okawaru_humans, minmay_lair_entry_grove,
          gammafunk_ghost_cemetery, serial_shops, shop, minivault_1
D:11:     layout_rooms, serial_shops, shop, mrwooster_statue_mirror
D:12:     layout_grid_maze, eino_tiny_chamber, wad_scary_box, uniq_fannar,
          uniq_maurice, uniq_snorg
D:13:     layout_basic, grunt_vaults_entry_tiered
D:14:     layout_irregular_city, nicolae_trove_entry_path_of_doom,
          nrook_pool_corridor, nemelex_altar_shiori
D:15:     grunt_enter_depths_snipers, layout_basic, elyvilon_altar_4,
          nicolae_ashenzari_panopticon, uniq_jorgrun
Temple:   nicolae_temple_ecumenical_triangle
Lair:1:   layout_hall_layers, gauntlet_entry_generic,
          chequers_serial_rivers_small_b, lemuel_fruit_fields
Lair:2:   layout_regular_city, elwin_shoals_entry_stream,
          nicolae_spider_entry_non_spiders, gammafunk_ghost_necromancy,
          nicolae_quartered_pool_little, nicolae_lair_lil_pond, uniq_maggie
Lair:3:   layout_loops_ring, grunt_megastairs_4, uniq_amaemon
Lair:4:   layout_gridlike, dpeg_oklob_1
Lair:5:   hellmonk_lair_end_abyssal_woods, layout_regular_city,
          dpeg_slime_entry_corner, hibernation_bobbens, grunt_megastairs_3
Shoals:1: layout_shoals, ebering_ghost_inner_flame
Shoals:2: layout_shoals, nicolae_shop_self_help, uniq_polyphemus
Shoals:3: cheibrodos_shoals_baths, layout_shoals,
          nicolae_shoals_arrival_archipelago
Shoals:4: shoals_end_hellmonk_lost_city
Spider:1: nicolae_spider_mines_3
Spider:2: layout_spider_delve
Spider:3: layout_cave_pods
Spider:4: spider_rune_water, ebering_ghost_reflecting_pool, dreamdust_wasp_nest
Orc:1:    layout_caves, serial_shops
Orc:2:    st_orc_town, layout_caves, nicolae_shop_overcharged_wands,
          uniq_erolcha
Elf:1:    eino_elf_arrival_customs, layout_gridlike, serial_shops,
          nicolae_shop_behind_doors, shop, shop,
          nicolae_shop_overgrown_old_shop, minmay_elf_crystal_hexagon
Elf:2:    elven_hall_of_blades_hangedman_alternative
          [nicolae_blade_entry_antechamber], layout_geoelf_diagonals,
          serial_shops, shop, serial_library_hellmonk_layered_room,
          minivault_16, hangedman_elven_pyramids, corner_web_ring, uniq_agnes,
          uniq_nikola, uniq_azrael
Elf:3:    minmay_elf_hall_dome, layout_geoelf_castle, minivault_16,
          uniq_bai_suzhen, uniq_boris, uniq_norris
Vaults:1: gammafunk_ghost_wrathful_warriors, nicolae_vaults_inception_statues,
          nicolae_vaults_apartment_2, v_misc_24, vaults_mumra_hex, v_misc_19,
          vaults_room_corners, v_pattern_3, vaults_dpeg_emergency_exit,
          vaults_room_door_hall, ontoclasm_vaults_gateway,
          layout_vaults_big_room, serial_shops, shop
Vaults:2: hangedman_vaults_stagger, ontoclasm_vaults_eye, v_misc_9,
          vaults_room_grunt_arrival_checkpoint, hangedman_vaults_stitches,
          dpeg_vaults_monster_box, nicolae_vaults_hallways_thing,
          st_quartered_hall, ontoclasm_vaults_loading_screen,
          nicolae_vaults_ring_of_whatevers, vaults_room_pool,
          ontoclasm_vaults_idyll, vaults_dpeg_encased_lava, layout_vaults_ring,
          serial_shops, nicolae_shop_back_alley_shop
Vaults:3: mu_enter_wizlab_2, minmay_crypt_entry_simple_plaza,
          nicolae_vaults_oozy_zoo, v_rooms_3, nicolae_vaults_yaktaur_gun_rack,
          nicolae_vaults_little_squares_6, ontoclasm_vaults_ligature,
          nicolae_vaults_apartment_2, nicolae_vaults_two_Ls,
          nicolae_vaults_surprise_closet, ontoclasm_vaults_twist,
          layout_vaults_omnicross, uniq_margery
Vaults:4: nicolae_vaults_diamond_1, v_misc_30, nicolae_vaults_cornered_office,
          nicolae_vaults_network_quinsquares
          [nicolae_vaults_network_quincunx_subvault,
          nicolae_vaults_network_quincunx_subvault,
          nicolae_vaults_network_quincunx_subvault,
          nicolae_vaults_network_quincunx_subvault],
          ontoclasm_vaults_ring_small, ontoclasm_vaults_chip, v_alt_pattern_6,
          nicolae_vaults_heart-shaped_vault, nicolae_vaults_bisected_slash,
          nicolae_vaults_trapezoid_lopsided_3, layout_vaults_omnigrid,
          uniq_mennas
Vaults:5: serial_shops
Crypt:1:  layout_gridlike, minmay_misc_feat_hallway,
          nicolae_crypt_lounge_for_the_living, grunt_crypt_arrival_split
Crypt:2:  layout_gridlike, columned_hall_lemuel, st_shrine_of_skulls
Crypt:3:  david_glass_crypt, layout_gridlike, nicolae_tomb_entry_rubble_hallway
Depths:1: layout_gridlike, abyss_entry, grunt_mini_vestibule,
          statue_in_the_mist_lemuel, nicolae_transporter_circle,
          grunt_megastairs_5
Depths:2: angbandy_vault, layout_cave_shapes, abyss_entry,
          minmay_misc_feat_enclosed, hell_entry, rand_demon_pan_entry_5,
          kennysheep_big_empty_room
Depths:3: regret_index_infernal_bastille, layout_long_grid, enter_ziggurat_d,
          hangedman_abyss_entry_splay, rand_demon_pan_entry_4,
          hangedman_tar_grid_catacomb, nrook_loot_triangle, uniq_enchantress
Depths:4: evilmike_zot_entry_gauntlet, layout_twisted_cross,
          nicolae_abyss_entry_one_way_or_another,
          hangedman_abyss_or_decor_stagger, grunt_hell_entry_dis_grunt,
          serial_bayou_shore_b
Zot:1:    layout_basic, hangedman_zot_diagonal_lockstep,
          regret_index_zotdec_twisting_globes
Zot:2:    grunt_zot_stairs_mandelzot, layout_cathedral_of_symmetry,
          regret_index_zotdec_wing_it, grunt_megastairs_1, uniq_grunn
Zot:3:    layout_onion, regret_index_zotdec_banners
Zot:4:    layout_onion, lemuel_elevator
Zot:5:    layout_gridlike, st_stairs_10

Skill      XL: |  1  2  3  4  5  6  7  8  9 10 11 12 13 14 15 16 17 18 19 20 21 22 23 24 25 |
---------------+----------------------------------------------------------------------------+-----
Conjurations   | 1 2 3 |  3.0
Air Magic      | 1 2 3 4 5 6 |  6.0
Stealth        | 4 5 6 8 10 12 14 | 14.0
Alchemy        | 4 5 6 7 8 10 | 10.0
Dodging        | 3 4 5 6 10 13 15 16 20 22 26 27 | 27.0
Spellcasting   | 3 5 6 8 10 12 13 14 | 14.0
Fighting       | 1 2 4 5 7 10 12 14 17 18 20 21 | 21.2
Evocations     | 2 5 6 8 10 11 12 14 15 | 15.0
Translocations | 3 9 |  9.0
Ranged Weapons | 8 12 14 18 21 22 | 22.0
Summonings     | 5 6 8 9 |  9.0
Earth Magic    | 3 5 |  5.0
Hexes          | 6 7 11 12 | 12.0
Shields        | 6 11 13 | 13.3
Armour         | 5 7 |  7.3

Action                     |  1- 3 |  4- 6 |  7- 9 | 10-12 | 13-15 | 16-18 | 19-21 | 22-24 | 25-27 || total
---------------------------+-------+-------+-------+-------+-------+-------+-------+-------+-------++-------
  Melee: Dagger            |     3 |    28 |    67 |    50 |     3 |     2 |     3 |    11 |    24 ||   191
   Fire: Sling             |       |    17 |   104 |   657 |  1545 |  2215 |  1377 |   280 |       ||  6195
         Orcbow            |       |       |       |    33 |       |       |       |       |       ||    33
         Arbalest          |       |       |       |       |       |     4 |       |       |       ||     4
         Hand cannon       |       |       |       |       |       |       |  1137 |  1996 |   460 ||  3593
  Throw: Stone             |     1 |       |       |       |       |       |       |       |       ||     1
         Dart              |       |     9 |    10 |     1 |       |       |       |       |       ||    20
   Cast: Sting             |    51 |    78 |   164 |    35 |     5 |     1 |       |       |       ||   334
         Mercury Vapours   |    16 |     9 |    22 |    16 |    26 |       |       |       |       ||    89
         Mephitic Cloud    |       |       |    12 |    25 |     1 |     1 |       |       |       ||    39
         Blink             |       |       |     2 |     3 |     8 |    15 |    20 |    14 |     6 ||    68
         Olgreb's Toxic Ra |       |       |     1 |       |    92 |   111 |    57 |    20 |       ||   281
         Ensorcelled Hiber |       |       |       |       |       |     3 |     2 |       |       ||     5
         Summon Lightning  |       |       |       |       |       |    44 |    42 |    17 |     1 ||   104
         Cause Fear        |       |       |       |       |       |       |    10 |     3 |     6 ||    19
         Summon Mana Viper |       |       |       |       |       |       |       |    30 |    12 ||    42
         Alistair's Intoxi |       |       |       |       |       |       |       |     4 |       ||     4
         Summon Forest     |       |       |       |       |       |       |       |     3 |     7 ||    10
         Passwall          |       |       |       |       |       |       |       |       |     2 ||     2
 Invoke: Potion Petition   |       |       |       |       |     1 |       |     2 |     1 |       ||     4
         Call Merchant     |       |       |       |       |       |       |     2 |       |       ||     2
         Bribe Branch      |       |       |       |       |       |       |       |     1 |     2 ||     3
  Evoke: Wand              |       |       |     4 |     2 |     7 |     6 |     8 |    31 |     6 ||    64
         Condenser vane    |       |       |       |       |     1 |       |     2 |     1 |       ||     4
         Box of beasts     |       |       |       |       |       |       |     1 |       |     2 ||     3
    Use: Scroll            |     3 |       |     8 |     9 |    11 |     9 |    17 |    12 |     6 ||    75
         Potion            |       |       |       |       |       |       |     2 |     5 |     8 ||    15
   Stab: Sleeping          |     1 |     1 |     5 |       |     2 |     2 |     3 |       |       ||    14
         Confused          |       |       |     2 |     2 |       |       |       |       |       ||     4
 Armour: Robe              |     8 |    23 |    40 |    59 |    96 |   296 |   419 |    16 |       ||   957
         Skin              |       |       |       |     5 |       |       |       |    55 |       ||    60
         Acid dragon scale |       |       |       |       |       |       |       |   568 |   241 ||   809
  Dodge: Dodged            |    10 |    56 |   133 |   144 |   308 |  1426 |  1645 |  1351 |   526 ||  5599
  Block: Buckler           |       |       |       |       |    25 |       |   547 |   675 |   211 ||  1458

Levels and vault maps discovered:
D:1:      minmay_arrival_widening_spiral_narrow, layout_basic, grunt_decor_cap
D:2:      layout_loops_cross, st_stairs_3
D:3:      layout_rooms, overflow_temple_1_default, minmay_cut_off
D:4:      layout_rooms
D:5:      layout_rooms, minmay_temple_entry_large_hall,
          amcnicky_mini_pool_small, nrook_campfire, uniq_pikel
D:6:      layout_loops_ring, hellmonk_no_cap, uniq_jeremiah, uniq_blork_the_orc
D:7:      layout_cave_pools, minmay_overflow_temple_star_hex, enter_bailey_2
D:8:      layout_loops_ring, mainiacjoe_overflow_concentric_impassable,
          uniq_psyche
D:9:      layout_roguey, orc_david_3, eino_house_with_fridge
D:10:     layout_roguey, okawaru_humans, minmay_lair_entry_grove,
          gammafunk_ghost_cemetery, serial_shops, shop, minivault_1
D:11:     layout_rooms, serial_shops, shop, mrwooster_statue_mirror
D:12:     layout_grid_maze, eino_tiny_chamber, wad_scary_box, uniq_fannar,
          uniq_maurice, uniq_snorg
D:13:     layout_basic, grunt_vaults_entry_tiered
D:14:     layout_irregular_city, nicolae_trove_entry_path_of_doom,
          nrook_pool_corridor, nemelex_altar_shiori
D:15:     grunt_enter_depths_snipers, layout_basic, elyvilon_altar_4,
          nicolae_ashenzari_panopticon, uniq_jorgrun
Temple:   nicolae_temple_ecumenical_triangle
Lair:1:   layout_hall_layers, gauntlet_entry_generic,
          chequers_serial_rivers_small_b, lemuel_fruit_fields
Lair:2:   layout_regular_city, elwin_shoals_entry_stream,
          nicolae_spider_entry_non_spiders, gammafunk_ghost_necromancy,
          nicolae_quartered_pool_little, nicolae_lair_lil_pond, uniq_maggie
Lair:3:   layout_loops_ring, grunt_megastairs_4, uniq_amaemon
Lair:4:   layout_gridlike, dpeg_oklob_1
Lair:5:   hellmonk_lair_end_abyssal_woods, layout_regular_city,
          dpeg_slime_entry_corner, hibernation_bobbens, grunt_megastairs_3
Shoals:1: layout_shoals, ebering_ghost_inner_flame
Shoals:2: layout_shoals, nicolae_shop_self_help, uniq_polyphemus
Shoals:3: cheibrodos_shoals_baths, layout_shoals,
          nicolae_shoals_arrival_archipelago
Shoals:4: shoals_end_hellmonk_lost_city
Spider:1: nicolae_spider_mines_3
Spider:2: layout_spider_delve
Spider:3: layout_cave_pods
Spider:4: spider_rune_water, ebering_ghost_reflecting_pool, dreamdust_wasp_nest
Orc:1:    layout_caves, serial_shops
Orc:2:    st_orc_town, layout_caves, nicolae_shop_overcharged_wands,
          uniq_erolcha
Elf:1:    eino_elf_arrival_customs, layout_gridlike, serial_shops,
          nicolae_shop_behind_doors, shop, shop,
          nicolae_shop_overgrown_old_shop, minmay_elf_crystal_hexagon
Elf:2:    elven_hall_of_blades_hangedman_alternative
          [nicolae_blade_entry_antechamber], layout_geoelf_diagonals,
          serial_shops, shop, serial_library_hellmonk_layered_room,
          minivault_16, hangedman_elven_pyramids, corner_web_ring, uniq_agnes,
          uniq_nikola, uniq_azrael
Elf:3:    minmay_elf_hall_dome, layout_geoelf_castle, minivault_16,
          uniq_bai_suzhen, uniq_boris, uniq_norris
Vaults:1: gammafunk_ghost_wrathful_warriors, nicolae_vaults_inception_statues,
          nicolae_vaults_apartment_2, v_misc_24, vaults_mumra_hex, v_misc_19,
          vaults_room_corners, v_pattern_3, vaults_dpeg_emergency_exit,
          vaults_room_door_hall, ontoclasm_vaults_gateway,
          layout_vaults_big_room, serial_shops, shop
Vaults:2: hangedman_vaults_stagger, ontoclasm_vaults_eye, v_misc_9,
          vaults_room_grunt_arrival_checkpoint, hangedman_vaults_stitches,
          dpeg_vaults_monster_box, nicolae_vaults_hallways_thing,
          st_quartered_hall, ontoclasm_vaults_loading_screen,
          nicolae_vaults_ring_of_whatevers, vaults_room_pool,
          ontoclasm_vaults_idyll, vaults_dpeg_encased_lava, layout_vaults_ring,
          serial_shops, nicolae_shop_back_alley_shop
Vaults:3: mu_enter_wizlab_2, minmay_crypt_entry_simple_plaza,
          nicolae_vaults_oozy_zoo, v_rooms_3, nicolae_vaults_yaktaur_gun_rack,
          nicolae_vaults_little_squares_6, ontoclasm_vaults_ligature,
          nicolae_vaults_apartment_2, nicolae_vaults_two_Ls,
          nicolae_vaults_surprise_closet, ontoclasm_vaults_twist,
          layout_vaults_omnicross, uniq_margery
Vaults:4: nicolae_vaults_diamond_1, v_misc_30, nicolae_vaults_cornered_office,
          nicolae_vaults_network_quinsquares
          [nicolae_vaults_network_quincunx_subvault,
          nicolae_vaults_network_quincunx_subvault,
          nicolae_vaults_network_quincunx_subvault,
          nicolae_vaults_network_quincunx_subvault],
          ontoclasm_vaults_ring_small, ontoclasm_vaults_chip, v_alt_pattern_6,
          nicolae_vaults_heart-shaped_vault, nicolae_vaults_bisected_slash,
          nicolae_vaults_trapezoid_lopsided_3, layout_vaults_omnigrid,
          uniq_mennas
Vaults:5: serial_shops
Crypt:1:  layout_gridlike, minmay_misc_feat_hallway,
          nicolae_crypt_lounge_for_the_living, grunt_crypt_arrival_split
Crypt:2:  layout_gridlike, columned_hall_lemuel, st_shrine_of_skulls
Crypt:3:  david_glass_crypt, layout_gridlike, nicolae_tomb_entry_rubble_hallway
Depths:1: layout_gridlike, abyss_entry, grunt_mini_vestibule,
          statue_in_the_mist_lemuel, nicolae_transporter_circle,
          grunt_megastairs_5
Depths:2: angbandy_vault, layout_cave_shapes, abyss_entry,
          minmay_misc_feat_enclosed, hell_entry, rand_demon_pan_entry_5,
          kennysheep_big_empty_room
Depths:3: regret_index_infernal_bastille, layout_long_grid, enter_ziggurat_d,
          hangedman_abyss_entry_splay, rand_demon_pan_entry_4,
          hangedman_tar_grid_catacomb, nrook_loot_triangle, uniq_enchantress
Depths:4: evilmike_zot_entry_gauntlet, layout_twisted_cross,
          nicolae_abyss_entry_one_way_or_another,
          hangedman_abyss_or_decor_stagger, grunt_hell_entry_dis_grunt,
          serial_bayou_shore_b
Zot:1:    layout_basic, hangedman_zot_diagonal_lockstep,
          regret_index_zotdec_twisting_globes
Zot:2:    grunt_zot_stairs_mandelzot, layout_cathedral_of_symmetry,
          regret_index_zotdec_wing_it, grunt_megastairs_1, uniq_grunn
Zot:3:    layout_onion, regret_index_zotdec_banners
Zot:4:    layout_onion, lemuel_elevator
Zot:5:    layout_gridlike, st_stairs_10

Table legend: (Time is in decaauts)
 A = Elapsed time spent in this place.
 B = Non-inter-level travel time spent in this place.
 C = Inter-level travel time spent in this place.
 D = Time resting spent in this place.
 E = Time spent auto-exploring this place.
 F = Levels seen in this place.
 G = Mean time per level.
                   A        B        C        D        E       F      G
               +--------+--------+--------+--------+--------+-----+--------+
         Total |  54745 |  48997 |   5748 |   7182 |  18470 |  54 | 1013.8 |
       Dungeon |  15214 |  12913 |   2301 |   2582 |   5190 |  15 | 1014.3 |
        Temple |     17 |      7 |     10 |      0 |      0 |   1 |   17.0 |
          Lair |   4246 |   3936 |    310 |    297 |   2148 |   5 |  849.2 |
        Shoals |   3859 |   3693 |    166 |    988 |   1460 |   4 |  964.8 |
   Spider Nest |   3895 |   3739 |    156 |    810 |   1492 |   4 |  973.8 |
  Orcish Mines |   1576 |   1369 |    207 |    183 |    678 |   2 |  788.0 |
   Elven Halls |   2906 |   2632 |    274 |     91 |   1371 |   3 |  968.7 |
        Vaults |   9523 |   8547 |    976 |   1413 |   2757 |   5 | 1904.6 |
         Crypt |   3342 |   3018 |    324 |     78 |   1173 |   3 | 1114.0 |
        Depths |   6706 |   5932 |    774 |    378 |   1887 |   4 | 1676.5 |
           Zot |   2596 |   2350 |    246 |    210 |      4 |   5 |  519.2 |
         Trove |     31 |     31 |      0 |      0 |      1 |   1 |   31.0 |
        Bailey |    594 |    594 |      0 |    148 |    133 |   1 |  594.0 |
      Gauntlet |    233 |    233 |      0 |      0 |    172 |   1 |  233.0 |
               +--------+--------+--------+--------+--------+-----+--------+

Top non-repeatable levels by time:
Vaults:1: 2921 daAuts
Depths:2: 2429 daAuts
Vaults:2: 1715 daAuts
Vaults:3: 1705 daAuts
Vaults:5: 1623 daAuts
Depths:4: 1583 daAuts
Vaults:4: 1558 daAuts
  Lair:5: 1470 daAuts
Shoals:4: 1443 daAuts
Spider:4: 1439 daAuts
Depths:1: 1430 daAuts
    D:12: 1323 daAuts
     D:9: 1309 daAuts
   Elf:3: 1296 daAuts
    D:13: 1292 daAuts

Table legend:
 A = Kills in this place as a percentage of kills in the entire game.
 B = Kills by you in this place as a percentage of kills by you in the entire game.
 C = Kills by friends in this place as a percentage of kills by friends in the entire game.
 D = Other kills in this place as a percentage of other kills in the entire game.
 E = Experience gained in this place as a percentage of experience gained in the entire game.
 F = Experience gained in this place divided by the number of levels of this place that you have seen.
                   A       B       C       D       E      F
               +-------+-------+-------+-------+-------+----------------------
         Total | 100.0 | 100.0 | 100.0 | 100.0 | 100.0 | 24005.5
       Dungeon |  17.2 |  17.8 |   0.0 |  28.0 |   6.2 | 5325.3
          Lair |   8.3 |   8.7 |   0.0 |   4.0 |   4.3 | 11244.8
        Shoals |   6.2 |   6.0 |  11.1 |   0.0 |   5.7 | 18418.8
   Spider Nest |   7.9 |   8.4 |   0.0 |   0.0 |   6.2 | 19937.5
  Orcish Mines |   6.2 |   6.6 |   0.0 |   0.0 |   1.6 | 10463.5
   Elven Halls |   6.7 |   6.7 |   4.4 |  12.0 |   8.1 | 35103.3
        Vaults |  17.9 |  16.8 |  42.2 |  20.0 |  22.6 | 58670.2
         Crypt |   8.1 |   8.1 |   7.8 |   4.0 |   8.5 | 36709.7
        Depths |  13.5 |  13.9 |   4.4 |  12.0 |  21.9 | 71010.2
           Zot |   6.7 |   5.6 |  30.0 |  12.0 |  14.8 | 38282.6
        Bailey |   1.3 |   1.2 |   0.0 |   8.0 |   0.1 | 1597.0
               +-------+-------+-------+-------+-------+----------------------
